 Dungeon Crawl Stone Soup version 0.31-a0-865-g3d5d91748a (webtiles) character file.

Game seed: 14805046318109831390

19602419 MackTheKnife the Axe Maniac (level 27, 273/273 HPs)
             Began as a Demonspawn Fighter on Oct 10, 2023.
             Was the Champion of Makhleb.
             Escaped with the Orb
             ... and 15 runes!
             The game lasted 02:37:26 (78094 turns).

MackTheKnife the Axe Maniac (Demonspawn Fighter)   Turns: 78094, Time: 02:37:26

Health: 273/273    AC: 42    Str: 39    XL:     27
Magic:  37/37      EV: 32    Int: 14    God:    Makhleb [******]
Gold:   10814      SH: 45    Dex: 34    Spells: 26/26 levels left

rFire   + + .        b - +9 broad axe (heavy) {axe}
rCold   + + .        T - +10 tower shield of Ignorance {rN+ Int-4}
rNeg    + + +        g - +12 gold dragon scales {rare}
rPois   ∞            A - +3 crown of Dyrovepreva {rElec Int+2 SInv}
rElec   +            j - +1 cloak of Uskayaw, Cursing {Drain Dex+7}
rCorr   +            (gloves unavailable)
SInv    +            C - +0 pair of boots of Foasumn {Str+4 Slay+4}
Will    ++++.        K - amulet of reflection Stlth
                     I - ring of Sarghyuj {Drain rElec rCorr Str+4 Dex+6, =R}
HPRegen 0.65/turn    E - ring of Viclulih {Contam rF+ Str+5 Int+4 Dex+6}
MPRegen 0.50/turn

%: reflection, guardian spirit
@: death-form
A: vile attack, torment immunity, no potions, hurl damnation, spiny 3, torment
resistance 1, magic shield, magic regeneration, magic link, (sanguine armour 3),
demonic willpower, demonic touch 3, horns 1, see invisible, robust 1, evolution
1, MP-powered wands
0: Orb of Zot
}: 15/15 runes: decaying, slimy, silver, golden, iron, obsidian, icy, bone,
abyssal, demonic, glowing, magical, fiery, dark, gossamer
a: Hurl Damnation, Siphon Essence, Begin Untransformation, Renounce Religion,
Minor Destruction, Lesser Servant of Makhleb, Major Destruction, Greater Servant
of Makhleb


You escaped.
You worshipped Makhleb.
Makhleb was exalted by your worship.
You were an undying horror.
You visited 18 branches of the dungeon, and saw 88 of its levels.
You visited Pandemonium 3 times, and saw 22 of its levels.
You visited the Abyss 4 times.
You visited 1 ziggurat, and saw 10 of its levels.
You also visited: Sewer, Bailey, Ice Cave, Volcano and Wizlab.

You collected 18432 gold pieces.
You spent 7618 gold pieces at shops.


Innate Abilities, Weirdness & Mutations

You are an undying horror.
Your melee and unarmed attacks drain, slow and weaken victims.
You are immune to unholy pain and torment.
You cannot drink.
You are immune to poison.
You can hurl damnation.
You are completely covered in sharp spines.
You are resistant to unholy torment.
When hurt, damage is shared between your health and your magic reserves.
You regenerate magic rapidly.
When low on magic, you restore magic in place of health.
((When seriously injured, your blood forms very thick armour. (AC +0)))
You punish those that try to bend your will. (Will+)
Your touch may irresistibly damage your foes and sap their willpower.
You have a pair of small horns on your head.
You have supernaturally acute eyesight. (SInv)
You are robust. (+10% HP)
You have hidden genetic potential.
You expend magic power (3 MP) to strengthen your wands.


   Skills:
 O Level 27 Fighting
 O Level 27 Axes
 - Level 20.0 Throwing
 - Level 20.0 Armour
 + Level 23.7 Dodging
 O Level 27 Shields
 - Level 20.0 Invocations
 - Level 10.0 Evocations
 - Level 23.0 Shapeshifting


You had 26 spell levels left.
You didn't know any spells.
Your spell library contained the following spells:

 Spells                   Type           Power      Damage    Failure   Level
 Apportation              Tloc           0%         N/A       87%         1
 Foxfire                  Conj/Fire      0%         2x1d4     87%         1
 Kiss of Death            Conj/Necr      0%         2d5       87%         1
 Necrotise                Necr           0%         1d4       87%         1
 Sandblast                Erth           0%         2d4       87%         1
 Slow                     Hex            0%         N/A       87%         1
 Sting                    Tmut/Pois      0%         1d3       87%         1
 Summon Small Mammal      Summ           0%         N/A       87%         1
 Blink                    Tloc           0%         N/A       95%         2
 Call Imp                 Summ           0%         N/A       95%         2
 Cigotuvi's Dreadful Rot  Necr/Pois/Air  0%         N/A       95%         2
 Ensorcelled Hibernation  Hex/Ice        0%         N/A       95%         2
 Jinxbite                 Hex            0%         N/A       95%         2
 Lesser Beckoning         Tloc           0%         N/A       95%         2
 Momentum Strike          Conj/Tloc      0%         3d8       95%         2
 Passwall                 Tmut/Erth      0%         N/A       95%         2
 Poisonous Vapours        Pois/Air       0%         N/A       95%         2
 Scorch                   Fire           0%         2d5       95%         2
 Static Discharge         Conj/Air       0%         2-2/arc   95%         2
 Sublimation of Blood     Necr           0%         N/A       95%         2
 Wereblood                Tmut           0%         N/A       95%         2
 Call Canine Familiar     Summ           0%         N/A       99%         3
 Confusing Touch          Hex            0%         N/A       99%         3
 Dazzling Flash           Conj/Hex       0%         N/A       99%         3
 Gell's Gravitas          Tloc           0%         N/A       99%         3
 Hailstorm                Conj/Ice       0%         3d3       99%         3
 Ignite Poison            Fire/Tmut/Pois 0%         N/A       99%         3
 Inner Flame              Hex/Fire       0%         N/A       99%         3
 Ozocubu's Armour         Ice            0%         N/A       99%         3
 Sigil of Binding         Hex            0%         N/A       99%         3
 Stone Arrow              Conj/Erth      0%         3d7       99%         3
 Summon Guardian Golem    Hex/Summ       0%         N/A       99%         3
 Swiftness                Air            0%         N/A       99%         3
 Teleport Other           Tloc           0%         N/A       99%         3
 Tukima's Dance           Hex            0%         N/A       99%         3
 Vampiric Draining        Necr           0%         2d6       99%         3
 Volatile Blastmotes      Fire/Tloc      0%         2d10      99%         3
 Airstrike                Air            0%         2d(0-16)  100%        4
 Anguish                  Hex/Necr       0%         N/A       100%        4
 Animate Armour           Summ/Erth      0%         N/A       100%        4
 Animate Dead             Necr           0%         N/A       100%        4
 Brom's Barrelling Bould  Conj/Erth      0%         2d3       100%        4
 Dispel Undead            Necr           0%         3d6       100%        4
 Flame Wave               Conj/Fire      0%         2d4       100%        4
 Fulminant Prism          Conj/Hex       0%         3d5       100%        4
 Iskenderun's Mystic Bla  Conj/Tloc      0%         2d3       100%        4
 Leda's Liquefaction      Hex/Erth       0%         N/A       100%        4
 Manifold Assault         Tloc           0%         N/A       100%        4
 Olgreb's Toxic Radiance  Pois           0%         N/A       100%        4
 Passage of Golubria      Tloc           0%         N/A       100%        4
 Petrify                  Tmut/Erth      0%         N/A       100%        4
 Sticky Flame             Conj/Fire      0%         2d3       100%        4
 Summon Ice Beast         Ice/Summ       0%         N/A       100%        4
 Summon Lightning Spire   Summ/Air       0%         N/A       100%        4
 Agony                    Necr           0%         N/A       100%        5
 Alistair's Intoxication  Tmut/Pois      0%         N/A       100%        5
 Borgnjor's Vile Clutch   Necr/Erth      0%         N/A       100%        5
 Fireball                 Conj/Fire      0%         3d3       100%        5
 Freezing Cloud           Conj/Ice/Air   0%         6-21      100%        5
 Irradiate                Conj/Tmut      0%         3d11      100%        5
 Iskenderun's Battlesphe  Conj           0%         2d6       100%        5
 Lee's Rapid Deconstruct  Erth           0%         3d4*      100%        5
 Metabolic Englaciation   Hex/Ice        0%         N/A       100%        5
 Silence                  Hex/Air        0%         N/A       100%        5
 Summon Forest            Summ/Tloc      0%         N/A       100%        5
 Yara's Violent Unravell  Hex/Tmut       0%         3d3       100%        5
 Bombard                  Conj/Erth      0%         9d1       100%        6
 Conjure Ball Lightning   Conj/Air       0%         3x3d6     100%        6
 Death Channel            Necr           0%         N/A       100%        6
 Dispersal                Tloc           0%         N/A       100%        6
 Eringya's Noxious Bog    Tmut/Pois      0%         4d6       100%        6
 Plasma Beam              Fire/Air       0%         2x1d10    100%        6
 Simulacrum               Ice/Necr       0%         N/A       100%        6
 Starburst                Conj/Fire      0%         6d3       100%        6
 Summon Cactus Giant      Summ           0%         N/A       100%        6
 Enfeeble                 Hex            0%         N/A       100%        7
 Haunt                    Necr/Summ      0%         N/A       100%        7
 Orb of Destruction       Conj           0%         9d5       100%        7
 Spellforged Servitor     Conj/Summ      0%         N/A       100%        7
 Summon Hydra             Summ           0%         N/A       100%        7
 Discord                  Hex            0%         N/A       100%        8
 Disjunction              Tloc           0%         N/A       100%        8
 Ignition                 Fire           0%         3d3       100%        8
 Infestation              Necr           0%         N/A       100%        8
 Lehudib's Crystal Spear  Conj/Erth      0%         10d2      100%        8
 Maxwell's Capacitive Co  Air            0%         ∞         100%        8
 Summon Horrible Things   Summ           0%         N/A       100%        8
 Chain Lightning          Conj/Air       0%         N/A       100%        9
 Dragon's Call            Summ           0%         N/A       100%        9
 Fire Storm               Conj/Fire      0%         5d1       100%        9
 Shatter                  Erth           0%         3d5*      100%        9

Inventory:

Hand Weapons
 a - a +9 vampiric broad axe {axe}
   (Okawaru gifted it to you on level 5 of the Lair of Beasts)
 b - a +9 heavy broad axe (weapon) {axe}
   (You took it off a hell knight on level 2 of the Depths)
 Y - the +9 broad axe of Jinloyc {freeze, rPois Will+, axe}
   (You found it on level 5 of the Vaults)

   rPois:     It protects you from poison Will+: It increases your willpower.
Missiles
 l - 29 javelins (quivered) {throwing}
Armour
 g - +12 gold dragon scales (worn) {rare}
   (You found it on level 5 of the Vaults)
 j - the +1 cloak of Uskayaw, Cursing (worn) {Drain Dex+7}
   (You found it on level 1 of the Crypt)

   Dex+7:     It affects your dexterity (+7).
   Drain:     It drains your maximum health when unequipped.
 A - the +3 crown of Dyrovepreva (worn) {rElec Int+2 SInv}
   (You found it on level 3 of the Elven Halls)

   Int+2:     It affects your intelligence (+2).
   rElec:     It insulates you from electricity.
   SInv:      It lets you see invisible.
 C - the +0 pair of boots of Foasumn (worn) {Str+4 Slay+4}
   (You found it on level 4 of the Spider Nest)

   Str+4:     It affects your strength (+4).
   Slay+4:    It affects your accuracy & damage with ranged weapons and melee
   (+4).
 D - the +0 pair of boots of the Pleiades {rF+}
   (You bought it in a shop on level 1 of the Depths)

   rF+:       It protects you from fire.
 F - the +4 dragonskin cloak
   (You took it off Tiamat on level 4 of the Depths)

   Avatar's Aegis: It grants the wearer a chance to resist fire, cold, poison,
   electricity, acid, and negative energy.
 T - the +10 tower shield of Ignorance (worn) {rN+ Int-4}
   (You bought it in a shop on level 1 of the Depths)

   Int-4:     It affects your intelligence (-4).
   rN+:       It protects you from negative energy.
Jewellery
 E - the ring of Viclulih (right hand) {Contam rF+ Str+5 Int+4 Dex+6}
   (You found it on level 7 of Gehenna)

   [ring of dexterity]

   Str+5:     It affects your strength (+5).
   Int+4:     It affects your intelligence (+4).
   Dex+6:     It affects your dexterity (+6).
   rF+:       It protects you from fire.
   Contam:    It causes magical contamination when unequipped.
 I - the ring of Sarghyuj (left hand) {Drain rElec rCorr Str+4 Dex+6, =R}
   (You found it on level 5 of the Lair of Beasts)

   [ring of dexterity]

   Str+4:     It affects your strength (+4).
   Dex+6:     It affects your dexterity (+6).
   rElec:     It insulates you from electricity.
   rCorr:     It protects you from acid and corrosion.
   Drain:     It drains your maximum health when unequipped.
 K - an amulet of reflection (around neck)
   (You found it in a wizard's laboratory)
 U - the ring "Futeq" {rElec rPois EV+5 Int-4 Dex+5}
   (You found it on level 10 of a ziggurat)

   [ring of evasion]

   EV+5:      It affects your evasion (+5).
   Int-4:     It affects your intelligence (-4).
   Dex+5:     It affects your dexterity (+5).
   rElec:     It insulates you from electricity.
   rPois:     It protects you from poison
 V - the ring "Tuvoe" {Fly rC+ Str+2 Stlth-}
   (You found it on level 1 of the Realm of Zot)

   [ring of flight]

   Str+2:     It affects your strength (+2).
   rC+:       It protects you from cold.
   Fly:       It grants you flight.
   Stlth-:    It makes you less stealthy.
Talismans
 m - a talisman of death (active)
   (You found it on level 1 of the Vaults)
Wands
 o - a wand of polymorph (7)
   (You found it in Pandemonium)
 s - a wand of digging (28)
   (You found it on level 7 of the Dungeon)
 z - a wand of roots (92)
   (You found it on level 3 of the Dungeon)
Scrolls
 f - 19 scrolls of teleportation {@r4}
 p - 16 scrolls of vulnerability {!r!r}
 r - 16 scrolls of immolation {!r!r}
 u - 4 scrolls of summoning
 x - 9 scrolls of fear
 y - 12 scrolls of noise {!r}
 G - 14 scrolls of poison {!r}
 H - 3 scrolls of brand weapon
 L - 11 scrolls of revelation
 O - 15 scrolls of fog
 Q - 4 scrolls of enchant weapon
 S - 3 scrolls of silence {!r}
 W - 4 scrolls of blinking {!r}
Potions
 d - 23 potions of might
 e - 27 potions of curing {@q1}
 h - 17 potions of heal wounds {@q2}
 i - 5 potions of resistance
 n - 10 potions of invisibility
 q - 12 potions of enlightenment
 t - 7 potions of ambrosia
 B - 15 potions of mutation {!q}
 M - 5 potions of haste {@q3}
 N - 2 potions of cancellation
 P - 11 potions of attraction {!q}
 X - 3 potions of berserk rage {!q}
 Z - 9 potions of magic
Miscellaneous
 c - the horn of Geryon
   (You took it off Geryon in the Vestibule of Hell)
 k - a phantom mirror
   (You found it on level 1 of the Swamp)
 v - a figurine of a ziggurat
 J - a phial of floods
   (You found it on level 5 of the Vaults)
 R - a lightning rod (4/4)
   (You found it on level 4 of the Lair of Beasts)

Dungeon Overview and Level Annotations

Branches:
Dungeon (15/15)            Temple (1/1) D:5            Lair (5/5) D:9
  Swamp (4/4) Lair:3       Spider (4/4) Lair:3        Slime (5/5) Lair:4
    Orc (2/2) D:11            Elf (3/3) Orc:2        Vaults (5/5) D:14
  Crypt (3/3) Vaults:2       Tomb (3/3) Crypt:3      Depths (4/4) D:15
   Hell (visited)             Dis (7/7) Hell            Geh (7/7) Hell
    Coc (7/7) Hell            Tar (7/7) Hell            Zot (5/5) Depths:4
  Sewer (visited)          Bailey (visited)           IceCv (visited)
Volcano (visited)          WizLab (visited)

Altars:
Ashenzari
Cheibriados
Dithmenos
Fedhas
Gozag
Hepliaklqana
Kikubaaqudgha
Makhleb
Nemelex Xobeh
Okawaru
Qazlal
Ru
Sif Muna
Trog
Uskayaw
Vehumet
Wu Jian
Xom
Yredelemnul
Jiyva

Shops:
D:1 [[(=   D:2 :   D:14 [   Orc:1 *([   Orc:2 [:(*(   Elf:1 :   Vaults:1 [
Vaults:2 ?([   Vaults:3 :   Vaults:4 (   Depths:1 [   Depths:3 (   Depths:4 ?

Portals:
Hell: Depths:1 Depths:2 Depths:3 Depths:4
Abyss: Depths:2 Depths:3
Pandemonium: Depths:2
Trove: Depths:4 (give 5 scrolls of fear)

Annotations:
D:6 2 transporters, noobster's ghost, novice DrBe
D:7 1 runed translucent door, Crazy Yiuf
D:9 2 transporters, 1 runed translucent door, gruber's ghost, journeyman GnIE
Elf:2 3 runed translucent doors
Vaults:2 3 runed translucent doors, Syrassil's ghost, adept DrBe

#...#........##.###
#.#.##.###.#.##....
#...##..#..#))#####
#.>.###...###.# ###
#...# ##..###.###..
######.#.########......#
#.............#....##.##
#.............#.#.......
#......z......###..##.#.
#.............# #..#..#.
#.............# ##.#.##.
##################......
#.# ##........ #.#
###..###....
#.######...## #....
#........### #....
########## #....


There were no monsters in sight!


Message History

You headbutt the profane servitor, but do no damage.
You block the profane servitor's attack. x2
There are monsters nearby!
You open the profane servitor like a pillowcase!!!
You destroy the profane servitor!
Makhleb accepts your kill.
You slice the lorocyproca!!
The lorocyproca decays.
Your headbutt misses the lorocyproca. You miss the lorocyproca.
You block the lorocyproca's attack.
A hellion comes into view.
You open the lorocyproca like a pillowcase!!!
The lorocyproca decays.
You headbutt the lorocyproca.
You kill the lorocyproca!
Makhleb accepts your kill. You block the hellion's attack.
You see here 9 stones {throwing}.
You slice the hellion like a ripe choko!!!
You kill the hellion!
Makhleb accepts your kill.
No target in view!
No target in view!
No target in view!
No target in view!
No target in view!
No target in view!
No target in view!
What level of the Dungeon? (default 1, ? - help)
A green death comes into view.
There is a stone staircase leading up here.
You climb upwards.
There is a stone staircase leading down here.
What level of the Dungeon? (default 1, ? - help)
Things that are here:
a +0 robe; a +0 dagger {short}
There is a stone staircase leading up here.
You climb upwards.
There is a stone staircase leading down here.
There is an open door here.
There is an open door here.
There is a stone staircase leading up here.
You climb upwards.
Level annotation: 2 transporters, 1 runed translucent door, gruber's ghost, journeyman GnIE
There is a stone staircase leading down here.
There is an open door here.
There is a stone staircase leading up here.
You climb upwards.
There is a stone staircase leading down here.
An Orb Guardian comes into view.
There is a stone staircase leading up here.
You climb upwards.
Level annotation: 1 runed translucent door, Crazy Yiuf
There is a stone staircase leading down here.
What level of the Dungeon? (default 1, ? - help)
There is an open door here.
There is an open door here.
There is an open door here.
There is a stone staircase leading up here.
You climb upwards.
Level annotation: 2 transporters, noobster's ghost, novice DrBe
There is a stone staircase leading down here.
A demonspawn blood saint and a blizzard demon come into view.
The blizzard demon shouts!
You closely miss the demonspawn blood saint.
You headbutt the demonspawn blood saint!
You block the demonspawn blood saint's attack.
You carve the demonspawn blood saint like a ham!!!
The demonspawn blood saint decays.
You cut the blizzard demon into ribbons!!!
The blizzard demon decays.
You cut the blizzard demon into ribbons!!!
You kill the blizzard demon!
Makhleb accepts your kill.
You slice the demonspawn blood saint!!
The demonspawn blood saint decays.
You block the demonspawn blood saint's attack.
You carve the demonspawn blood saint like a ham!!!
You kill the demonspawn blood saint!
Makhleb accepts your kill.
No target in view!
There is a stone staircase leading up here.
You climb upwards.
There is a stone staircase leading down here.
What level of the Dungeon? (default 1, ? - help)
There is a stone staircase leading up here.
You climb upwards.
There is a stone staircase leading down here.
A soul eater comes into view.
A soul eater is nearby!
A soul eater is nearby!
There is a stone staircase leading up here.
You climb upwards.
There is a stone staircase leading down here.
What level of the Dungeon? (default 1, ? - help)
There is a stone staircase leading up here.
You climb upwards.
There is a stone staircase leading down here.
There is a stone staircase leading up here.
You climb upwards.
There is a stone staircase leading down here.
There is a staircase leading out of the dungeon here.
You have escaped!

Skill      XL: |  1  2  3  4  5  6  7  8  9 10 11 12 13 14 15 16 17 18 19 20 21 22 23 24 25 26 27 |
---------------+----------------------------------------------------------------------------------+-----
Axes           | 2 3 5 7 8 11 13 14 15 18 21 24 27 | 27.0
Fighting       | 8 10 14 16 18 21 22 27 | 27.0
Armour         | 6 7 10 14 16 20 | 20.0
Shields        | 6 11 14 17 18 27 | 27.0
Invocations    | 4 14 16 20 | 20.0
Dodging        | 4 8 23 | 23.7
Shapeshifting  | 10 11 13 17 20 23 | 23.0
Evocations     | 7 10 | 10.0
Throwing       | 20 | 20.0

Action                     |  1- 3 |  4- 6 |  7- 9 | 10-12 | 13-15 | 16-18 | 19-21 | 22-24 | 25-27 || total
---------------------------+-------+-------+-------+-------+-------+-------+-------+-------+-------++-------
  Melee: War axe           |   107 |    92 |   131 |       |       |       |       |       |       ||   330
         Hand axe          |       |       |   186 |   514 |   462 |       |       |       |       ||  1162
         Broad axe         |       |       |       |       |   931 |  1527 |  1800 |  1456 |  5089 || 10803
         Unarmed           |       |       |       |       |     1 |       |       |       |       ||     1
         Headbutt          |       |       |       |       |       |       |       |    33 |  1595 ||  1628
  Throw: Javelin           |       |       |       |       |       |       |       |       |    35 ||    35
 Invoke: Receive Weapon    |       |       |       |       |     1 |       |       |       |       ||     1
         Receive Armour    |       |       |       |       |     1 |       |       |       |       ||     1
         Heroism           |       |       |       |       |       |     8 |       |       |       ||     8
         Finesse           |       |       |       |       |       |     6 |       |       |       ||     6
         Greater Servant o |       |       |       |       |       |       |     3 |    13 |    54 ||    70
         Lesser Servant of |       |       |       |       |       |       |       |     2 |       ||     2
Ability: Hurl Damnation    |       |       |       |       |       |       |       |       |     5 ||     5
  Evoke: Wand              |       |    10 |     8 |     2 |     5 |     4 |     2 |     1 |       ||    32
         Lightning rod     |       |       |       |       |       |       |       |     4 |       ||     4
         Phantom mirror    |       |       |       |       |       |       |       |       |     3 ||     3
    Use: Potion            |       |     1 |     1 |     1 |     1 |     2 |     5 |    12 |     4 ||    27
         Scroll            |       |       |     7 |     8 |    17 |     4 |     7 |    11 |    28 ||    82
   Stab: Paralysed         |       |       |     7 |       |     3 |       |       |       |       ||    10
         Distracted        |       |       |       |     3 |     3 |     2 |     4 |     6 |    23 ||    41
         Petrified         |       |       |       |       |    10 |       |       |       |     7 ||    17
         Petrifying        |       |       |       |       |     1 |       |       |       |       ||     1
         Confused          |       |       |       |       |       |     1 |       |       |     1 ||     2
 Armour: Scale mail        |    74 |   101 |   106 |       |       |       |       |       |       ||   281
         Acid dragon scale |       |       |    86 |    22 |       |       |       |       |       ||   108
         Ring mail         |       |       |       |   245 |   152 |       |       |       |       ||   397
         Crystal plate arm |       |       |       |       |   417 |   986 |   818 |   207 |       ||  2428
         Skin              |       |       |       |       |     1 |       |       |       |       ||     1
         Gold dragon scale |       |       |       |       |       |       |       |   691 |  2317 ||  3008
  Dodge: Dodged            |    51 |    75 |    77 |   128 |    41 |    73 |   140 |   141 |  1212 ||  1938
  Block: Buckler           |    28 |    23 |    69 |    74 |       |       |       |       |       ||   194
         Kite shield       |       |       |       |    94 |  1559 |  1829 |  1903 |  1918 |  1821 ||  9124
         Reflection        |       |       |       |       |       |       |       |    48 |   196 ||   244
         Tower shield      |       |       |       |       |       |       |       |       |  5323 ||  5323
   Form: Death             |       |       |       |       |       |       |       |     1 |     2 ||     3
                           |       |       |       |       |       |       |       |     1 |     1 ||     2

Levels and vault maps discovered:
D:1:      lemuel_arrival_hallway, layout_rooms, serial_shops, shop,
          nicolae_diamond_shop, shop, shop, minmay_tetromino_l2
D:2:      layout_loops_ring, shapermc_ecumenical_altar_pompeii, serial_shops,
          nicolae_lakefront_shop
D:3:      layout_basic, portal_sewer_entry_d, gammafunk_ghost_stat_death
D:4:      layout_loops_ring, abandoned_shop, st_stairs_2, uniq_edmund
D:5:      layout_basic, minmay_temple_entry_mini_moons
D:6:      layout_basic, gammafunk_ghost_arena, uniq_maggie, uniq_menkaure,
          uniq_prince_ribbit1, uniq_jeremiah
D:7:      layout_basic, enter_bailey_2, uniq_crazy_yiuf_cottage
D:8:      layout_cave_pools, dreamdust_gnoll_shepherd, uniq_grum, uniq_amaemon
D:9:      gammafunk_cloud_chamber, layout_stronghold,
          nicolae_overflow_hallway_of_the_gods, dpeg_lair_monsters,
          ebering_ghost_xom
D:10:     layout_roguey, kennysheep_mini_moat, kennysheep_generic_room_16,
          uniq_erolcha
D:11:     layout_basic, erik_orc_3, hangedman_feature_mirror,
          nicolae_dithmenos_shadow_blocks, uniq_maurice, uniq_josephine,
          uniq_nergalle
D:12:     layout_big_octagon, uniq_urug
D:13:     nzn_winding_woodlands_stair_trap
          [nzn_winding_woodlands_5x15_river_crossing,
          nzn_winding_woodlands_5x15_pathside_ponds,
          nzn_winding_woodlands_5x15_cabin,
          nzn_winding_woodlands_15x15_thick_spiral,
          nzn_winding_woodlands_5x15_split_checker,
          nzn_winding_woodlands_5x15_jagged, nzn_winding_woodlands_5x15_pool],
          layout_layer_cave, uniq_azrael
D:14:     due_chaos_kobolds, layout_basic, david_vaults_5, serial_shops,
          nicolae_shop_crystal, tso_metal_star
D:15:     hangedman_depths_entry_civil_slaughter, layout_gridville,
          vehumet_crystals, chequers_serial_rivers_micro_c, laboratory,
          uniq_rupert
Temple:   chequers_temple_sunken
Lair:1:   layout_chaotic_city, nicolae_volcano_entry_vermiform,
          nicolae_lair_grove_arrangements
Lair:2:   layout_cave_pods
Lair:3:   layout_loops_ring, minmay_swamp_entry_wisps,
          nicolae_spider_entry_tight_spaces, uniq_nessos
Lair:4:   layout_roguey, slime_entry_1, nicolae_lair_lil_pond,
          infiniplex_staircase_pool
Lair:5:   minmay_lair_end_enchanted_forest, layout_hall_layers
Swamp:1:  layout_falls_marsh, gammafunk_ghost_grave, infiniplex_staircase_pool_2
Swamp:2:  layout_basic_swamp, evilmike_swamp_ruin_house_4
Swamp:3:  layout_basic_swamp, evilmike_swamp_ruin_house_2, swamp_pool1
Swamp:4:  swamp_alternative, layout_basic_swamp, gammafunk_ghost_hydra_chop
Spider:1: layout_cave_pods, uniq_kirke
Spider:2: layout_spider_delve, portal_ice_cave_entry_pillars_1
Spider:3: layout_spider_delve
Spider:4: spider_rune_water
Slime:1:  layout_caves, nicolae_slime_phagocytosis
Slime:2:  layout_caves, uniq_dissolution
Slime:3:  layout_caves, nicolae_slime_getting_an_eyeful
Slime:4:  layout_caves, nicolae_slime_round_cave
Slime:5:  slime_pit_nicolae_inversion
Orc:1:    layout_caves, serial_shops, nicolae_shop_trees,
          nicolae_shop_real_fake_doors, nicolae_shop_clearance, uniq_jorgrun
Orc:2:    grunt_orc_gardens, layout_caves, grunt_orc_garden, grunt_orc_garden,
          grunt_orc_garden, grunt_orc_garden, nicolae_shop_firing_range
Elf:1:    elf_arrival_001, layout_onion_city, hangedman_elf_disciples,
          nicolae_shop_self_help, grunt_megastairs_2
Elf:2:    elven_hall_of_blades_hangedman_original
          [nicolae_blade_entry_hurt_lockers], layout_loops_cross,
          dk_noncrumbling_3, grunt_ministairs_10, nicolae_elf_big_sculpture_2
Elf:3:    elf_hall, layout_geoelf_grid, mu_enter_wizlab_3, uniq_roxanne
Vaults:1: nicolae_vaults_layer_cake_slice, nicolae_vaults_cochlea,
          ontoclasm_vaults_twist, v_misc_1, vaults_room_grunt_arrival_ludios,
          vaults_room_semicircle, nicolae_vaults_angled_halls, v_misc_33,
          nicolae_vaults_heart-shaped_vault, ontoclasm_vaults_tryst,
          nicolae_vaults_cornered_office, nicolae_vaults_little_squares_5,
          v_rooms_4, vaults_room_door_ring, layout_vaults_omnibox, serial_shops,
          nicolae_shop_tiny_real_fake_doors
Vaults:2: gammafunk_ghost_ooze, st_octagons_2, hangedman_vaults_stagger,
          nicolae_vaults_wine_cellar, minmay_crypt_entry_necro_gods,
          nicolae_vaults_little_squares_3, nicolae_vaults_spaceships,
          nicolae_vaults_closet_pinwheel_5, grunt_vaults_hallway_long,
          layout_vaults_omnigrid, serial_shops, shop, shop,
          nicolae_shop_crystal, uniq_jory, uniq_nikola, uniq_donald
Vaults:3: hangedman_vaults_corner, v_rooms_5, nicolae_vaults_heart-shaped_vault,
          nicolae_vaults_storage_closets_2, v_misc_9, nicolae_vaults_asterisk,
          nicolae_vaults_little_squares_1, v_rooms_2, ontoclasm_vaults_fault,
          nicolae_vaults_statue_guard, nicolae_vaults_storage_room_water,
          layout_vaults_ring, serial_shops, shop_fountains
Vaults:4: nicolae_vaults_shipping_containers_5,
          nicolae_vaults_variable_pillar_hall_cross, ontoclasm_vaults_idyll,
          nicolae_vaults_two_Ls, nicolae_vaults_storage_closets_1,
          ontoclasm_vaults_bender, vaults_room_octagon, v_misc_4,
          vaults_mumra_hex, ontoclasm_vaults_idyll,
          nicolae_vaults_taking_the_gang_shopping, layout_vaults_maze_bifur
Vaults:5: serial_shops
Crypt:1:  layout_gridlike, nzn_ghost_randoct, grunt_megastairs_1, uniq_vv
Crypt:2:  cheibrodos_crypt_cold_storage, layout_gridlike
Crypt:3:  grunt_crypt_end_deaths_head
Tomb:1
Tomb:2
Tomb:3
Depths:1: layout_twisted_cross, serial_shops, nicolae_shop_crystal,
          grunt_decor_mini_mirrors, grunt_hell_horde, lemuel_nasty_fountain,
          serial_bayou_shore_a, grunt_megastairs_3
Depths:2: grunt_deathspiral_large, layout_basic, serial_sigils,
          serial_sigils_hangedman_gut, serial_sigils_hangedman_gut,
          serial_sigils_hangedman_snap, pan_entry, hell_entry,
          nicolae_abyss_entry_one_way_or_another, minmay_misc_feat_tiny,
          minmay_staircase_windowed_small
Depths:3: regret_index_dithmenos_brocken_genspenst, layout_cave_pools,
          enter_ziggurat_a, abyss_entry, nicolae_water_bricks, serial_shops,
          shop_statue, hell_entry, hex_subvault_big_grid,
          minmay_staircase_bubble, uniq_margery
Depths:4: grunt_zot_entry_gee_three, layout_gridlike,
          grunt_hell_entry_dis_grunt, led_sif_pool,
          nicolae_trove_entry_isolated, serial_shops, shop,
          nicolae_keep_em_comin
Hell
Dis:1:    layout_gridville, evilmike_ambush [evilmike_ambush_outer_basic,
          evilmike_ambush_inner_basic]
Dis:2:    layout_subdivisions
Dis:3:    layout_jigsaw
Dis:4:    layout_regular_city
Dis:5:    nicolae_dis_hell_of_blades
Dis:6:    layout_gridville, nicolae_hells_hurtin_island
Dis:7:    iron_city_of_dis [dis_grunt, dis_wall_8], layout_gridville
Geh:1:    layout_gehenna_lava_caves, lemuel_hellion_isle
Geh:2:    layout_gehenna_pools_basic
Geh:3:    layout_gehenna_pools_basic, nicolae_geh_amphitheater
Geh:4:    layout_gehenna_pools_triple, nicolae_hells_fiendish_ambush
Geh:5:    layout_gehenna_pools_triple
Geh:6:    layout_gehenna_pools_box
Geh:7:    geh_grunt
Coc:1:    layout_cocytus_water_paths, serial_ice
Coc:2:    layout_ice_bergs
Coc:3:    layout_cocytus_delve
Coc:4:    layout_ice_bergs
Coc:5:    layout_ice_bergs
Coc:6:    layout_cocytus_water_paths
Coc:7:    coc_grunt
Tar:1:    layout_cathedral_of_symmetry
Tar:2:    nicolae_hells_titanomachy
Tar:3:    layout_catacombs
Tar:4:    layout_honeycomb, nicolae_hells_seeping_fissure
Tar:5:    layout_cathedral_of_symmetry
Tar:6:    layout_honeycomb, nicolae_tar_spectre_spectrum
Tar:7:    tar_old
Zot:1:    gammafunk_its_a_trap, layout_basic, grunt_megastairs_5, uniq_tiamat
Zot:2:    layout_concentric_octagons
Zot:3:    layout_onion_interference, st_small_dragon_hoard_4
Zot:4:    ebering_greatest_show_in_zot, layout_basic
Zot:5:    layout_twisted_circle

Notes
Turn   | Place    | Note
-------+----------+-------------------------------------------
     0 | D:1      | MackTheKnife the Demonspawn Fighter began the quest for the
                  | Orb.
     0 | D:1      | Reached XP level 1. HP: 18/18 MP: 1/1
     0 | D:1      | magus.rc [v1.9.6]
     4 | D:1      | You pick up a book of Touch and begin reading...
     4 | D:1      | You add the spells Kiss of Death, Confusing Touch and
                  | Dispel Undead to your library.
    53 | D:1      | Reached skill level 2 in Axes
    72 | D:1      | Gained mutation: You regenerate magic rapidly. [demonic
                  | ancestry]
    72 | D:1      | Reached XP level 2. HP: 24/24 MP: 2/2
   108 | D:1      | Found Vydghogo's Antique Weapon Emporium.
   220 | D:1      | Found Fifisih's Jewellery Shop.
   239 | D:1      | Found Taojerph's Armour Boutique.
   262 | D:1      | Found Geluhoen's Armour Boutique.
   265 | D:1      | Reached skill level 3 in Axes
   626 | D:1      | Gained mutation: When hurt, damage is shared between your
                  | health and your magic reserves. [demonic ancestry]
   626 | D:1      | Reached XP level 3. HP: 29/29 MP: 3/3
   642 | D:2      | Found a faded altar of an unknown god.
   690 | D:2      | Found Kojai's Book Shop.
  1079 | D:2      | Reached XP level 4. HP: 34/35 MP: 4/4
  1478 | D:3      | Found a transporter.
  1480 | D:3      | Noticed bmj180's ghost (amateur HuCj)
  1504 | D:3      | Reached skill level 4 in Axes
  1543 | D:3      | You pick up a book of Spatial Translocations and begin
                  | reading...
  1543 | D:3      | You add the spells Blink, Momentum Strike and Lesser
                  | Beckoning to your library.
  1580 | D:3      | Noticed a scorpion
  1592 | D:3      | Killed a scorpion
  1593 | D:3      | Reached skill level 5 in Axes
  1593 | D:3      | Gained mutation: When seriously injured, your blood forms
                  | armour. (AC +0) [demonic ancestry]
  1593 | D:3      | Reached XP level 5. HP: 30/41 MP: 3/5
  1614 | D:3      | Found a glowing drain.
  1653 | Sewer    | Entered a sewer
  1727 | Sewer    | Noticed Pargi
  1740 | Sewer    | Killed Pargi
  1741 | Sewer    | Gained mutation: You are partially covered in sharp spines.
                  | [demonic ancestry]
  1741 | Sewer    | Reached XP level 6. HP: 41/47 MP: 4/6
  1925 | D:3      | Reached skill level 6 in Axes
  2296 | D:3      | Found a transporter.
  2663 | D:3      | Killed bmj180's ghost
  2664 | D:3      | Reached skill level 7 in Axes
  2664 | D:3      | Gained mutation: When seriously injured, your blood forms
                  | thick armour. (AC +0) [demonic ancestry]
  2664 | D:3      | Reached XP level 7. HP: 45/52 MP: 7/7
  2809 | D:4      | Reached skill level 8 in Axes
  3328 | D:4      | Noticed Edmund
  3343 | D:4      | Killed Edmund
  3344 | D:4      | Reached XP level 8. HP: 41/58 MP: 5/8
  3493 | D:4      | You pick up a book of Fire and begin reading...
  3493 | D:4      | You add the spells Foxfire, Plasma Beam and Starburst to
                  | your library.
  3511 | D:4      | Reached skill level 9 in Axes
  3821 | D:5      | Entered Level 5 of the Dungeon
  4134 | D:5      | Found a staircase to the Ecumenical Temple.
  4180 | Temple   | Entered the Ecumenical Temple
  4354 | D:5      | Reached skill level 10 in Axes
  4689 | D:6      | Noticed Menkaure
  4744 | D:6      | Noticed Jeremiah
  4768 | D:6      | Noticed Maggie
  4795 | D:6      | Paralysed by Maggie for 3 turns
  4814 | D:5      | Killed Maggie
  4977 | D:6      | Noticed Prince Ribbit
  4987 | D:6      | Killed Prince Ribbit
  4988 | D:6      | Reached skill level 11 in Axes
  4988 | D:6      | Gained mutation: When seriously injured, your blood forms
                  | very thick armour. (AC +0) [demonic ancestry]
  4988 | D:6      | Reached XP level 9. HP: 58/63 MP: 7/9
  5027 | D:6      | Killed Jeremiah
  5046 | D:6      | Killed Menkaure
  5065 | D:6      | Reached skill level 12 in Axes
  5084 | D:6      | You pick up a book of Touch and begin reading...
  5135 | D:6      | Found a transporter.
  5137 | D:6      | Noticed noobster's ghost (novice DrBe)
  5139 | D:6      | Found a transporter.
  5725 | D:7      | Reached skill level 13 in Axes
  5863 | D:7      | Found a flagged portal.
  5894 | D:7      | Identified the +8 hand axe of Honour {venom, rC+ Dex+3}
  5899 | Bailey   | Entered a bailey
  5925 | Bailey   | Gained mutation: You are mostly covered in sharp spines.
                  | [demonic ancestry]
  5925 | Bailey   | Reached XP level 10. HP: 67/70 MP: 10/10
  5966 | Bailey   | Noticed an orc knight
  5981 | Bailey   | Killed an orc knight
  5982 | Bailey   | Reached skill level 4 in Fighting
  6059 | Bailey   | Found a bloodstained altar of Trog.
  6065 | Bailey   | Identified the +0 pair of gloves "Reaghoti" {rCorr Str+3}
  6465 | D:7      | Found a runed translucent door.
  6466 | D:7      | Noticed Crazy Yiuf
  6669 | D:8      | Reached skill level 5 in Fighting
  6755 | D:8      | Reached skill level 6 in Fighting
  6777 | D:8      | Reached skill level 14 in Axes
  6786 | D:8      | Reached skill level 7 in Fighting
  6807 | D:8      | Noticed Amaemon
  6812 | D:8      | Noticed an orange demon
  6816 | D:8      | Killed Amaemon
  6821 | D:8      | Killed an orange demon
  6822 | D:8      | Reached skill level 8 in Fighting
  6905 | D:8      | Reached XP level 11. HP: 81/86 MP: 11/11
  7012 | D:8      | Noticed Grum
  7022 | D:8      | Killed Grum
  7356 | D:9      | Reached skill level 9 in Fighting
  7427 | D:9      | Reached skill level 3 in Armour
  7434 | D:9      | Reached skill level 3 in Shields
  7567 | D:9      | Found a transporter.
  7569 | D:9      | You fall into a shaft and drop 1 floor!
  7569 | D:10     | Entered Level 10 of the Dungeon
  7571 | D:10     | Found a radiant altar of Vehumet.
  7679 | D:9      | Noticed a death yak
  7679 | D:9      | Noticed a death yak
  7685 | D:9      | Noticed a death yak
  7693 | D:9      | Killed a death yak
  7709 | D:9      | Found a staircase to the Lair.
  7723 | D:9      | Killed a death yak
  7724 | D:9      | Reached skill level 10 in Fighting
  7724 | D:9      | Reached skill level 4 in Armour
  7724 | D:9      | Reached skill level 4 in Shields
  7731 | D:9      | Killed a death yak
  7792 | D:9      | Found a transporter.
  7824 | D:9      | Found a runed translucent door.
  7824 | D:9      | Found a shimmering altar of Xom.
  7824 | D:9      | Noticed gruber's ghost (journeyman GnIE)
  7824 | D:9      | Noticed a +1 morningstar of chaos
  7851 | D:9      | Found a hazy altar of Hepliaklqana.
  7857 | D:9      | Found a hide-covered altar of Uskayaw.
  7858 | D:9      | Found a sparkling altar of Nemelex Xobeh.
  7860 | D:9      | Found an ancient bone altar of Kikubaaqudgha.
  7860 | D:9      | Found a stormy altar of Qazlal.
  7861 | D:9      | Found an iron altar of Okawaru.
  7864 | D:9      | Found a broken altar of Ashenzari.
  7865 | D:9      | Found a blossoming altar of Fedhas.
  7866 | D:9      | Became a worshipper of Warmaster Okawaru
  8107 | D:9      | Reached skill level 5 in Shields
  8463 | D:10     | Noticed a two-headed ogre
  8474 | D:10     | Killed a two-headed ogre
  8475 | D:10     | Reached skill level 5 in Armour
  8562 | D:10     | Paralysed by a hornet for 1 turns
  8574 | D:10     | Reached * piety under Okawaru
  8580 | D:10     | Identified the +1 scale mail of Seick {rF+ MP+9 Int+3}
  8860 | D:10     | Reached skill level 6 in Shields
  8935 | D:10     | Reached skill level 6 in Armour
  8935 | D:10     | Reached XP level 12. HP: 92/97 MP: 12/12
  9015 | D:10     | Noticed Erolcha
  9081 | Lair:1   | Entered Level 1 of the Lair of Beasts
  9214 | Lair:1   | Found a dark tunnel.
  9225 | Volcano  | Entered a volcano
  9261 | Volcano  | Reached ** piety under Okawaru
  9316 | Volcano  | Reached skill level 7 in Shields
  9410 | Volcano  | Reached *** piety under Okawaru
  9411 | Volcano  | Reached skill level 8 in Shields
  9421 | Volcano  | Noticed a fire dragon
  9441 | Volcano  | Killed a fire dragon
  9568 | Lair:1   | You pick up a book of Unlife and begin reading...
  9610 | Lair:1   | Reached skill level 9 in Shields
 10448 | D:1      | Bought the +18 shield of the Gong {Loud rN+ Will+ rCorr
                  | EV-5} for 1246 gold pieces
 10448 | D:1      | Found the +18 shield of the Gong {Loud rN+ Will+ rCorr
                  | EV-5}
 10750 | Lair:2   | Reached **** piety under Okawaru
 10843 | Lair:2   | Reached skill level 10 in Shields
 10851 | Lair:2   | You pick up a book of Callings and begin reading...
 10938 | Lair:2   | Noticed a death yak
 10938 | Lair:2   | Noticed a death yak
 10938 | Lair:2   | Noticed a death yak
 10938 | Lair:2   | Noticed a death yak
 10938 | Lair:2   | Noticed a death yak
 10956 | Lair:2   | Killed a death yak
 10965 | Lair:2   | Killed a death yak
 10965 | Lair:2   | Reached ***** piety under Okawaru
 10977 | Lair:2   | Killed a death yak
 10996 | Lair:2   | Killed a death yak
 10997 | Lair:2   | Reached skill level 11 in Shields
 11009 | Lair:2   | Killed a death yak
 11009 | Lair:2   | Received a gift from Okawaru
 11020 | Lair:2   | Reached XP level 13. HP: 75/103 MP: 10/13
 11641 | Lair:3   | You fall into a shaft and drop 2 floors!
 11641 | Lair:5   | Entered Level 5 of the Lair of Beasts
 11735 | Lair:5   | Reached skill level 12 in Shields
 11762 | Lair:5   | Received a gift from Okawaru
 11942 | Lair:5   | Reached skill level 13 in Shields
 11993 | Lair:5   | Received a gift from Okawaru
 12089 | Lair:5   | Reached skill level 14 in Shields
 12151 | Lair:5   | Paralysed by a hornet for 1 turns
 12187 | Lair:5   | Received a gift from Okawaru
 12187 | Lair:5   | Reached ****** piety under Okawaru
 12274 | Lair:5   | Acquired a +2 vampiric broad axe
 12274 | Lair:5   | Received a gift from Okawaru
 12378 | Lair:5   | Identified the ring of Sarghyuj {Drain rElec rCorr Str+4
                  | Dex+6}
 12999 | Lair:4   | Reached XP level 14. HP: 110/110 MP: 11/14
 13206 | Lair:4   | Identified a scroll of acquirement
 13206 | Lair:4   | Acquired a manual of Shields
 13302 | Lair:4   | Reached skill level 15 in Shields
 13317 | Lair:4   | Received a gift from Okawaru
 13335 | Lair:4   | Acquired the +13 crystal plate armour "Faifusho" {Int+2}
 13335 | Lair:4   | Received a gift from Okawaru
 13336 | Lair:4   | F - the +13 crystal plate armour "Faifusho" {Int+2, rare=g}
 13347 | Lair:4   | You finish putting on the +13 crystal plate armour
                  | "Faifusho" {Int+2, rare=g}.
 13694 | Lair:4   | Found a staircase to the Slime Pits.
 13904 | Lair:3   | Found a staircase to the Swamp.
 13956 | Lair:3   | Found a hole to the Spider Nest.
 13967 | Lair:3   | Noticed Nessos
 14144 | Lair:3   | Received a gift from Okawaru
 14145 | Lair:3   | the +13 crystal plate armour "Faifusho" {Int+2, rare=g}
                  | melds into your body.
 14171 | Lair:2   | the +13 crystal plate armour "Faifusho" {Int+2, rare=g}
                  | unmelds from your body.
 14324 | Lair:3   | Reached skill level 15 in Axes
 14327 | Lair:3   | Reached skill level 16 in Shields
 14504 | Lair:3   | Killed Nessos
 15008 | D:10     | Killed Erolcha
 15042 | D:11     | Noticed Josephine
 15049 | D:11     | Killed Josephine
 15057 | D:11     | Received a gift from Okawaru
 15222 | D:11     | Found a staircase to the Orcish Mines.
 15253 | D:11     | Noticed Nergalle
 15285 | D:11     | Killed Nergalle
 15654 | D:11     | Found a shadowy altar of Dithmenos.
 15664 | D:11     | Reached skill level 17 in Shields
 15668 | D:11     | Noticed Maurice
 15680 | D:11     | Killed Maurice
 15885 | D:11     | Found a shimmering blue altar of Sif Muna.
 15978 | D:11     | Found a burning altar of Makhleb.
 16105 | Orc:1    | Entered Level 1 of the Orcish Mines
 16232 | Orc:2    | Entered Level 2 of the Orcish Mines
 16246 | Orc:2    | Paralysed by an orc sorcerer for 3 turns
 16256 | Orc:2    | Received a gift from Okawaru
 16281 | Orc:2    | Noticed an orc warlord
 16283 | Orc:2    | Found Morghuyja's Book Shop.
 16312 | Orc:1    | Killed an orc warlord
 16316 | Orc:2    | Noticed an orc warlord
 16361 | Orc:1    | Killed an orc warlord
 16362 | Orc:1    | Gained mutation: Your touch may inflict minor irresistible
                  | damage on your foes. [demonic ancestry]
 16362 | Orc:1    | Reached XP level 15. HP: 115/115 MP: 15/15
 16402 | Orc:2    | Reached skill level 16 in Axes
 16495 | Orc:2    | Found a staircase to the Elven Halls.
 16515 | Orc:2    | Found Fuvvasegh's Antique Armour Shoppe.
 16527 | Orc:2    | Bought a pair of runed boots for 270 gold pieces
 16616 | Orc:2    | Found Coese's General Store.
 16678 | Orc:2    | Found Besh's Firing Range.
 16712 | Orc:2    | Found Mafir's Antique Weapon Shop.
 16826 | Orc:1    | Found Loumetoc's CLEARANCE SALE!.
 16836 | Orc:1    | Bought a potion of haste for 20 gold pieces
 16836 | Orc:1    | Bought a scroll of teleportation for 6 gold pieces
 16836 | Orc:1    | Bought a wand of paralysis (1) for 4 gold pieces
 16836 | Orc:1    | Bought a scroll of identify for 4 gold pieces
 16862 | Orc:1    | Noticed Jorgrun
 16879 | Orc:1    | Killed Jorgrun
 16962 | Orc:1    | Received a gift from Okawaru
 16972 | Orc:1    | Found Coabiove's Weapon Emporium.
 17054 | Orc:1    | Reached skill level 18 in Shields
 17093 | Orc:1    | Found Rifyazen's Antique Armour Shop.
 17340 | D:12     | Noticed Urug
 17349 | D:12     | Killed Urug
 17373 | D:12     | Identified +0 pearl dragon scales
 17374 | D:12     | m - +0 pearl dragon scales {rare=g}
 17599 | D:12     | You pick up a book of Annihilations and begin reading...
 17599 | D:12     | You add the spells Chain Lightning, Fire Storm and Shatter
                  | to your library.
 17811 | D:13     | Received a gift from Okawaru
 17973 | D:13     | Noticed Azrael
 17985 | D:13     | Killed Azrael
 18370 | D:13     | Reached skill level 17 in Axes
 18528 | D:13     | Noticed a fire giant
 18549 | D:13     | Killed a fire giant
 18854 | D:13     | Received a gift from Okawaru
 19308 | D:14     | Found Ollideh's Antique Armour Shop.
 19332 | D:14     | Received a gift from Okawaru
 19353 | D:14     | Found a large runed translucent door.
 19354 | D:14     | Found a large runed translucent door.
 19355 | D:14     | Found a shimmering altar of Xom.
 19920 | D:14     | Found a gate to the Vaults.
 19996 | D:14     | Reached skill level 18 in Axes
 19996 | D:14     | Reached skill level 1 in Invocations
 20000 | D:14     | Reached skill level 2 in Invocations
 20001 | D:14     | Reached skill level 3 in Invocations
 20031 | D:14     | Reached skill level 4 in Invocations
 20095 | D:15     | Entered Level 15 of the Dungeon
 20184 | D:15     | Reached XP level 16. HP: 122/122 MP: 19/19
 20259 | D:15     | Noticed Rupert
 20272 | D:15     | Killed Rupert
 20273 | D:15     | Reached skill level 5 in Invocations
 20352 | D:15     | Reached skill level 6 in Invocations
 20362 | D:15     | Received a gift from Okawaru
 20368 | D:15     | Reached skill level 7 in Invocations
 20381 | D:15     | Reached skill level 8 in Invocations
 20546 | D:15     | Reached skill level 9 in Invocations
 20596 | D:15     | Found a radiant altar of Vehumet.
 20682 | D:15     | Identified the +1 pair of gloves "Esoesot" {Will- Int+5}
 20856 | D:15     | Found a staircase to the Depths.
 21076 | D:15     | You add the spells Olgreb's Toxic Radiance, Ignition and
                  | Discord to your library.
 21329 | Spider:1 | Entered Level 1 of the Spider Nest
 21342 | Spider:1 | Reached skill level 10 in Invocations
 21358 | Spider:1 | Received a gift from Okawaru
 21388 | Spider:1 | Reached skill level 11 in Invocations
 21700 | Spider:1 | Noticed Kirke
 21711 | Spider:1 | Killed Kirke
 21712 | Spider:1 | Reached skill level 12 in Invocations
 21921 | Spider:1 | Received a gift from Okawaru
 21922 | Spider:1 | Reached skill level 13 in Invocations
 22375 | Spider:2 | Reached skill level 14 in Invocations
 22424 | Spider:2 | Received a gift from Okawaru
 22438 | Spider:2 | Reached skill level 7 in Armour
 22474 | Spider:2 | You fall into a shaft and drop 1 floor!
 22525 | Spider:3 | Gained mutation: Your touch may inflict irresistible damage
                  | on your foes. [demonic ancestry]
 22525 | Spider:3 | Reached XP level 17. HP: 130/130 MP: 0/27
 22530 | Spider:3 | Reached skill level 11 in Fighting
 22548 | Spider:3 | Received a gift from Okawaru
 22556 | Spider:3 | Reached skill level 8 in Armour
 22602 | Spider:3 | You pick up a book of Cantrips and begin reading...
 22602 | Spider:3 | You add the spells Necrotise and Apportation to your
                  | library.
 22785 | Spider:2 | Found a frozen archway.
 22796 | IceCv    | Entered an ice cave
 23039 | IceCv    | Reached skill level 12 in Fighting
 23045 | IceCv    | Received a gift from Okawaru
 23046 | IceCv    | Reached skill level 9 in Armour
 23122 | IceCv    | You add the spells Ensorcelled Hibernation, Hailstorm,
                  | Ozocubu's Armour and Metabolic Englaciation to your
                  | library.
 23122 | IceCv    | Got a conspicuous book
 24024 | Spider:4 | Entered Level 4 of the Spider Nest
 24054 | Spider:4 | HP: 29/135 [meliai/divine providence (9)]
 24154 | Spider:4 | Received a gift from Okawaru
 24204 | Spider:4 | Reached skill level 10 in Armour
 24213 | Spider:4 | Reached skill level 13 in Fighting
 24331 | Spider:4 | Identified the +3 kite shield of the Stopping Gods {Will-
                  | Str+5 Int+4}
 24607 | Spider:4 | Received a gift from Okawaru
 24612 | Spider:4 | Reached skill level 14 in Fighting
 24618 | Spider:4 | Reached skill level 1 in Dodging
 24627 | Spider:4 | Reached skill level 2 in Dodging
 24684 | Spider:4 | Reached skill level 3 in Dodging
 24719 | Spider:4 | Identified the +0 pair of boots of Foasumn {Str+4 Slay+4}
 24870 | Spider:4 | Reached skill level 4 in Dodging
 24870 | Spider:4 | Gained mutation: Your touch may irresistibly damage your
                  | foes and sap their willpower. [demonic ancestry]
 24870 | Spider:4 | Reached XP level 18. HP: 144/146 MP: 5/28
 24881 | Spider:4 | Received a gift from Okawaru
 24912 | Spider:4 | Identified the +0 pair of boots "Itwappay" {rF- Str+5}
 24931 | Spider:4 | Got a gossamer rune of Zot
 25076 | Spider:4 | Reached skill level 5 in Dodging
 25130 | Swamp:1  | Entered Level 1 of the Swamp
 25176 | Swamp:1  | Reached skill level 6 in Dodging
 25257 | Swamp:1  | Reached skill level 7 in Dodging
 25498 | Swamp:1  | Found a runed translucent door.
 25498 | Swamp:1  | Noticed xzight's ghost (adept MiBe)
 25545 | Swamp:1  | Killed xzight's ghost
 25703 | Swamp:2  | Reached skill level 8 in Dodging
 26154 | Swamp:3  | Received a gift from Okawaru
 26161 | Swamp:3  | Paralysed by a fenstrider witch for 2 turns
 26162 | Swamp:3  | HP: 30/146 [??? (16)]
 26406 | Swamp:3  | You pick up a book of the Spheres and begin reading...
 26406 | Swamp:3  | You add the spells Brom's Barrelling Boulder, Iskenderun's
                  | Battlesphere, Fireball, Conjure Ball Lightning and Orb of
                  | Destruction to your library.
 26429 | Swamp:3  | You pick up a book of Power and begin reading...
 26499 | Swamp:3  | You add the spells Cigotuvi's Dreadful Rot, Poisonous
                  | Vapours and Maxwell's Capacitive Coupling to your library.
 26499 | Swamp:3  | Got a glistering book
 26514 | Swamp:3  | You pick up a book of Necromancy and begin reading...
 26514 | Swamp:3  | You add the spells Vampiric Draining and Agony to your
                  | library.
 26832 | Swamp:4  | Entered Level 4 of the Swamp
 26889 | Swamp:4  | Reached skill level 15 in Fighting
 26926 | Swamp:4  | Received a gift from Okawaru
 26963 | Swamp:4  | Reached skill level 16 in Fighting
 27047 | Swamp:4  | Found a runed translucent gate.
 27049 | Swamp:4  | Found a runed translucent gate.
 27049 | Swamp:4  | Found a runed translucent gate.
 27050 | Swamp:4  | Noticed Flugkiller's ghost (adept TeHu)
 27092 | Swamp:4  | Killed Flugkiller's ghost
 27095 | Swamp:4  | Identified the +5 broad axe of Overwhelming Force {freeze,
                  | rF+}
 27171 | Swamp:4  | Got a decaying rune of Zot
 27811 | Vaults:1 | Entered Level 1 of the Vaults
 28056 | Vaults:1 | Received a gift from Okawaru
 28077 | Vaults:1 | Gained mutation: When low on magic, you restore magic in
                  | place of health. [demonic ancestry]
 28077 | Vaults:1 | Reached XP level 19. HP: 159/159 MP: 10/29
 28082 | Vaults:1 | Reached skill level 17 in Fighting
 28378 | Vaults:1 | Received a gift from Okawaru
 28600 | Vaults:1 | Reached skill level 18 in Fighting
 28624 | Vaults:1 | You pick up a book of Unlife and begin reading...
 28765 | Vaults:1 | Found Neciw's Armour Shoppe.
 28851 | Vaults:1 | You drop +0 pearl dragon scales {rare=g}.
 28854 | Vaults:1 | m - +0 pearl dragon scales {rare=g}
 28892 | Vaults:2 | Identified the +0 kite shield of the Several Seers {Will+}
 28892 | Vaults:2 | Noticed Donald
 28902 | Vaults:2 | Killed Donald
 29055 | Vaults:2 | Reached skill level 11 in Armour
 29182 | Vaults:2 | Received a gift from Okawaru
 29249 | Vaults:2 | Reached skill level 12 in Armour
 29272 | Vaults:2 | Found Cocos's Armour Boutique.
 29317 | Vaults:2 | Found Xunluac's Antique Weapon Boutique.
 29393 | Vaults:2 | Found Vuocvueg's Magic Scroll Shop.
 29398 | Vaults:2 | Bought a scroll of revelation for 112 gold pieces
 29398 | Vaults:2 | Bought a scroll of revelation for 112 gold pieces
 29398 | Vaults:2 | Bought a scroll of revelation for 112 gold pieces
 29548 | D:11     | Fell from the grace of Okawaru
 29548 | D:11     | Became a worshipper of Makhleb the Destroyer
 29756 | Vaults:2 | Found a staircase to the Crypt.
 29756 | Vaults:2 | Found an ancient bone altar of Kikubaaqudgha.
 29764 | Vaults:2 | Found a basalt altar of Yredelemnul.
 29862 | Vaults:2 | Reached skill level 13 in Armour
 29921 | Vaults:2 | Noticed Nikola
 29942 | Vaults:2 | Killed Nikola
 29942 | Vaults:2 | Reached * piety under Makhleb
 30013 | Vaults:2 | Paralysed by a formless jellyfish for 1 turns
 30218 | Vaults:2 | Found a runed translucent gate.
 30220 | Vaults:2 | Found a runed translucent gate.
 30221 | Vaults:2 | Found a runed translucent gate.
 30221 | Vaults:2 | Noticed Syrassil's ghost (adept DrBe)
 30294 | Vaults:2 | Paralysed by a formless jellyfish for 1 turns
 30394 | Vaults:2 | Noticed Jory
 30404 | Vaults:2 | Killed Jory
 30723 | Vaults:2 | Found a viscous altar of Jiyva.
 30815 | Vaults:3 | Reached skill level 14 in Armour
 30815 | Vaults:3 | Gained mutation: You punish those that try to bend your
                  | will. (Will+) [demonic ancestry]
 30815 | Vaults:3 | Reached XP level 20. HP: 170/170 MP: 28/30
 30956 | Vaults:3 | Reached skill level 1 in Shapeshifting
 30973 | Vaults:3 | Reached ** piety under Makhleb
 30974 | Vaults:3 | Reached skill level 2 in Shapeshifting
 31012 | Vaults:3 | Reached skill level 3 in Shapeshifting
 31048 | Vaults:3 | Reached skill level 4 in Shapeshifting
 31192 | Vaults:3 | You pick up a book of the Moon and begin reading...
 31192 | Vaults:3 | You add the spells Passage of Golubria, Silence and
                  | Lehudib's Crystal Spear to your library.
 31305 | Vaults:3 | Reached skill level 5 in Shapeshifting
 31420 | Vaults:3 | Reached *** piety under Makhleb
 31457 | Vaults:3 | Reached skill level 6 in Shapeshifting
 31592 | Vaults:3 | Identified the +0 great sword "Spiderslayer" {flame, rPois
                  | Will+}
 31655 | Vaults:3 | Reached skill level 7 in Shapeshifting
 31666 | Vaults:3 | Found Negerphu's Book Boutique.
 31830 | Vaults:3 | Reached **** piety under Makhleb
 32161 | Vaults:3 | HP: 42/169 [poisoned by a deep elf blademaster]
 32162 | Vaults:4 | HP: 17/169 [poisoned by an orc warlord]
 32163 | Vaults:4 | HP: 4/169 [poisoned by an orc warlord]
 32389 | Vaults:4 | Reached skill level 8 in Shapeshifting
 32391 | Vaults:4 | Found Loywug's Weapon Boutique.
 32614 | Vaults:4 | Reached skill level 9 in Shapeshifting
 33012 | Vaults:4 | Identified the +1 chain mail of Lethargy {Will+}
 33460 | Elf:1    | Entered Level 1 of the Elven Halls
 33462 | Elf:1    | You pick up a book of the Earth and begin reading...
 33462 | Elf:1    | You add the spells Leda's Liquefaction and Lee's Rapid
                  | Deconstruction to your library.
 33567 | Elf:1    | Reached ***** piety under Makhleb
 33629 | Elf:1    | Reached skill level 10 in Shapeshifting
 33771 | Elf:1    | Found Roudiec's Self-Improvement Boutique.
 33771 | Elf:1    | You fall into a shaft and drop 1 floor!
 33794 | Elf:2    | Paralysed by an air elemental for 1 turns
 34108 | Elf:2    | Reached XP level 21. HP: 177/177 MP: 31/31
 34161 | Elf:2    | Reached skill level 11 in Shapeshifting
 34444 | Elf:2    | You pick up a book of Alchemy and begin reading...
 34444 | Elf:2    | You add the spells Sublimation of Blood, Petrify and
                  | Irradiate to your library.
 34532 | Elf:2    | Found a runed translucent gate.
 34532 | Elf:2    | Found a runed translucent gate.
 34532 | Elf:2    | Found a runed translucent gate.
 34617 | Elf:1    | You pick up a book of Flames and begin reading...
 34617 | Elf:1    | You add the spells Inner Flame, Sticky Flame and Flame Wave
                  | to your library.
 34671 | Elf:1    | Bought a manual of Fighting for 880 gold pieces
 34671 | Elf:1    | Bought a manual of Axes for 880 gold pieces
 34998 | Elf:1    | Identified the +5 plate armour "Fuyfobb" {*Corrode rElec
                  | MP+9 Int+3}
 35437 | Elf:3    | Entered Level 3 of the Elven Halls
 35469 | Elf:3    | Found a magical portal.
 35478 | WizLab   | Entered Borgnjor's Mausoleum
 35680 | WizLab   | Reached skill level 19 in Fighting
 35805 | WizLab   | Reached skill level 19 in Axes
 35971 | WizLab   | Got a resplendent book
 36250 | Elf:3    | Reached ****** piety under Makhleb
 36252 | Elf:3    | Noticed Roxanne
 36334 | Elf:3    | Killed Roxanne
 36675 | Elf:3    | Was forgiven by Okawaru
 36796 | Elf:3    | Identified the +1 falchion of Integrity {freeze, rN+}
 36796 | Elf:3    | Identified the +12 hand axe of the Candle {pain, rF+ rC+
                  | Will- Dex+2}
 36812 | Elf:3    | Reached skill level 20 in Fighting
 36865 | Elf:3    | Identified the amulet "Wurriz" {RegenMP rN+ SInv}
 36943 | Elf:3    | Identified the +5 halberd of the Bear {antimagic, *Corrode
                  | rElec rN+}
 36967 | Elf:3    | Reached skill level 20 in Axes
 37049 | Elf:3    | Identified the +0 broad axe of the Lair of Beasts {flame,
                  | rF++ Dex+2}
 37062 | Elf:3    | Identified the +10 mace of the Shouting Gnat {antimagic,
                  | *Corrode +Blink Fly rN++}
 37128 | Elf:3    | Reached skill level 21 in Fighting
 37139 | Elf:3    | Identified the ring of Qummicoj {Fly Str+6 Int+2}
 37160 | Elf:3    | You pick up a book of Blasting and begin reading...
 37160 | Elf:3    | You add the spells Volatile Blastmotes, Fulminant Prism and
                  | Iskenderun's Mystic Blast to your library.
 37163 | Elf:3    | Identified the +1 quarterstaff "No More Talking" {freeze,
                  | Str+2}
 37167 | Elf:3    | You add the spells Tukima's Dance and Yara's Violent
                  | Unravelling to your library.
 37171 | Elf:3    | Found the +3 crown of Dyrovepreva {rElec Int+2 SInv}
 37175 | Elf:3    | You pick up a book of Scorching and begin reading...
 37175 | Elf:3    | You add the spells Scorch and Summon Cactus Giant to your
                  | library.
 37182 | Elf:3    | You pick up a book of Storms and begin reading...
 37182 | Elf:3    | You add the spells Static Discharge, Airstrike and Summon
                  | Lightning Spire to your library.
 37183 | Elf:3    | Identified the +3 short sword "Voffa" {holy, Will+ Dex+2}
 37308 | Elf:3    | Identified the +3 dagger of Ykkud {vamp, rF+}
 37751 | Vaults:5 | Entered Level 5 of the Vaults
 37757 | Vaults:5 | Noticed an ancient lich
 37786 | Vaults:5 | Reached skill level 21 in Axes
 37792 | Vaults:5 | Gained mutation: You are resistant to unholy torment.
                  | [demonic ancestry]
 37792 | Vaults:5 | Reached XP level 22. HP: 192/194 MP: 24/32
 37802 | Vaults:5 | Killed an ancient lich
 37810 | Vaults:5 | Noticed an ancient lich
 37812 | Vaults:5 | Noticed a golden dragon
 37820 | Vaults:5 | Noticed a golden dragon
 37828 | Vaults:5 | Killed an ancient lich
 37829 | Vaults:5 | Reached skill level 22 in Fighting
 37881 | Vaults:5 | Identified the +4 morningstar of an ossuary {freeze, *Noise
                  | Will++ Dex+5}
 38029 | Vaults:5 | a vault warden comes into view. It is wielding the +5
                  | glaive of the Guard {elec, spectral}.
 38098 | Vaults:5 | Reached skill level 12 in Shapeshifting
 38188 | Vaults:5 | Identified the +1 shortbow "Iziygeh" {elec, rF+ MP+9 Str+2
                  | Int+4}
 38193 | Vaults:5 | quicksilver dragon scales {rare}; a quicksilver dragon
                  | corpse
 38214 | Vaults:5 | quicksilver dragon scales {rare}; a quicksilver dragon
                  | corpse
 38258 | Vaults:5 | Reached skill level 15 in Invocations
 38270 | Vaults:5 | Killed a golden dragon
 38270 | Vaults:5 | Identified +0 gold dragon scales
 38278 | Vaults:5 | Reached skill level 16 in Invocations
 38292 | Vaults:5 | Killed a golden dragon
 38537 | Vaults:5 | You add the spells Call Imp, Summon Horrible Things and
                  | Dragon's Call to your library.
 38537 | Vaults:5 | Got an innocuous book
 38554 | Vaults:5 | Identified the +9 broad axe of Jinloyc {freeze, rPois
                  | Will+}
 38560 | Vaults:5 | Identified the +6 trident of an ossuary {flame, rElec Int-3
                  | SInv}
 38584 | Vaults:5 | You pick up a book of Death and begin reading...
 38584 | Vaults:5 | You add the spells Haunt and Infestation to your library.
 38643 | Vaults:5 | Identified the +4 sling of Foiteum {freeze, rCorr MP-9
                  | Str+4}
 38683 | Vaults:5 | You pick up a book of Unlife and begin reading...
 38819 | Vaults:5 | Got a silver rune of Zot
 38821 | Vaults:5 | You pick up a book of Necromancy and begin reading...
 39059 | Vaults:5 | Identified the +0 chain mail of the Curupira {Harm rElec
                  | rF+++ Int-2}
 39355 | Depths:1 | Entered Level 1 of the Depths
 39429 | Depths:1 | Found Larhixzi's Armour Shop.
 39567 | Depths:1 | Reached skill level 13 in Shapeshifting
 39734 | Depths:1 | You pick up a book of Dangerous Friends and begin
                  | reading...
 40017 | Vaults:5 | b - +0 gold dragon scales {rare}
 40028 | Vaults:5 | You finish taking off the +13 crystal plate armour
                  | "Faifusho" {Int+2, rare=g}.
 40033 | Vaults:5 | You finish putting on your +0 gold dragon scales {rare}.
 40033 | Vaults:5 | your +0 gold dragon scales {rare} glow green for a moment.
 40034 | Vaults:5 | your +1 gold dragon scales {rare} glow green for a moment.
 40035 | Vaults:5 | your +2 gold dragon scales {rare} glow green for a moment.
 40036 | Vaults:5 | your +3 gold dragon scales {rare} glow green for a moment.
 40115 | Vaults:2 | Bought a scroll of enchant armour for 112 gold pieces
 40115 | Vaults:2 | Bought a scroll of summoning for 142 gold pieces
 40115 | Vaults:2 | your +4 gold dragon scales {rare} glow green for a moment.
 40354 | Depths:1 | Found a gateway to Hell.
 40368 | Depths:1 | Reached XP level 23. HP: 135/203 MP: 21/35
 40943 | Depths:2 | Reached skill level 14 in Shapeshifting
 40959 | Depths:2 | Noticed a caustic shrike
 40959 | Depths:2 | Noticed a caustic shrike
 40959 | Depths:2 | Noticed a caustic shrike
 40960 | Depths:2 | Noticed a caustic shrike
 40974 | Depths:2 | Killed a caustic shrike
 40983 | Depths:2 | Killed a caustic shrike
 40992 | Depths:2 | Killed a caustic shrike
 41025 | Depths:2 | Killed a caustic shrike
 41107 | Depths:2 | Reached skill level 15 in Shapeshifting
 41204 | Depths:2 | You pick up a book of Power and begin reading...
 41603 | Depths:2 | Acquired 702 gold pieces
 41655 | Depths:2 | Found a one-way gate leading to the halls of Pandemonium.
 41681 | Depths:2 | Found a one-way gate to the infinite horrors of the Abyss.
 41682 | Depths:2 | Noticed Louise
 41693 | Depths:2 | Killed Louise
 41985 | Depths:3 | Found Cuutzi's Weapon Shop.
 42039 | Depths:3 | Reached skill level 16 in Shapeshifting
 42672 | Depths:3 | Reached skill level 17 in Shapeshifting
 42781 | Depths:3 | Identified the +3 shadow dragon scales "Tohoj" {Fly Str+4
                  | Int-4 Slay+5 Stlth++++}
 42782 | Depths:3 | Found the +5 robe of Night {Dark Will+ SInv}
 42783 | Depths:3 | Found a shadowy altar of Dithmenos.
 42797 | Depths:3 | a +0 long sword {long}; the +3 shadow dragon scales "Tohoj"
                  | {Fly Str+4 Int-4 Slay+5 Stlth++++, rare}
 43051 | Depths:3 | U - the +3 shadow dragon scales "Tohoj" {Fly Str+4 Int-4
                  | Slay+5 Stlth++++, rare}
 43182 | Depths:3 | Found a one-way gateway to a ziggurat.
 43413 | Depths:4 | Entered Level 4 of the Depths
 43537 | Depths:4 | Reached XP level 24. HP: 166/187 MP: 28/35
 43749 | Depths:4 | Found Pealy's Magic Scroll Boutique.
 43758 | Depths:4 | Bought a scroll of revelation for 157 gold pieces
 43790 | Depths:4 | Reached skill level 18 in Shapeshifting
 44318 | Depths:4 | +0 storm dragon scales {rare}; a storm dragon corpse
 44318 | Depths:4 | Found a gate to the Realm of Zot.
 44330 | Depths:4 | +0 storm dragon scales {rare}; a storm dragon corpse
 44366 | Depths:4 | Found a portal to a secret trove of treasure.
 44385 | Depths:4 | Found a shimmering blue altar of Sif Muna.
 44514 | Zig:1    | Entered Level 1 of a ziggurat
 44534 | Zig:2    | Entered Level 2 of a ziggurat
 44591 | Zig:3    | Entered Level 3 of a ziggurat
 44700 | Zig:4    | Entered Level 4 of a ziggurat
 44734 | Zig:4    | Identified the +1 helmet "Xeddyuh" {Str+2}
 44787 | Zig:5    | Entered Level 5 of a ziggurat
 44818 | Zig:5    | your +5 gold dragon scales {rare} glow green for a moment.
 44829 | Zig:5    | your +6 gold dragon scales {rare} glow green for a moment.
 44838 | Zig:6    | Entered Level 6 of a ziggurat
 44850 | Zig:6    | Reached skill level 19 in Shapeshifting
 44893 | Zig:7    | Entered Level 7 of a ziggurat
 44903 | Zig:7    | Noticed a shard shrike
 44911 | Zig:7    | Killed a shard shrike
 44932 | Zig:7    | Identified the ring of Rawim {Contam +Blink rElec rC++
                  | SInv}
 44935 | Zig:7    | You pick up a book of Displacement and begin reading...
 44935 | Zig:7    | You add the spells Gell's Gravitas and Teleport Other to
                  | your library.
 44937 | Zig:8    | Entered Level 8 of a ziggurat
 44946 | Zig:8    | Noticed a royal mummy
 44953 | Zig:8    | Killed a royal mummy
 45164 | Zig:9    | Entered Level 9 of a ziggurat
 45208 | Zig:9    | Found the ring of the Tortoise {AC+8}
 45225 | Zig:9    | You drop the +3 shadow dragon scales "Tohoj" {Fly Str+4
                  | Int-4 Slay+5 Stlth++++, rare}.
 45226 | Zig:9    | Identified the +11 halberd of the Heavens {freeze, +Blink
                  | rPois Str-5 Dex-5}
 45242 | Zig:9    | You pick up a book of Misfortune and begin reading...
 45245 | Zig:9    | your +7 gold dragon scales {rare} glow green for a moment.
 45255 | Zig:10   | Entered Level 10 of a ziggurat
 45268 | Zig:10   | Noticed a juggernaut
 45284 | Zig:10   | Killed a juggernaut
 45285 | Zig:10   | Reached skill level 20 in Shapeshifting
 45311 | Zig:10   | Identified the +1 robe of Niodyc Cui {+Blink}
 45320 | Zig:10   | Identified the ring of Checkmate {*Corrode rElec rPois rF+
                  | MP+9}
 45327 | Zig:10   | Identified the ring "Futeq" {rElec rPois EV+5 Int-4 Dex+5}
 45349 | Depths:3 | Gained mutation: You have a pair of small horns on your
                  | head. [potion of mutation]
 45349 | Depths:3 | Gained mutation: You are robust. (+10% HP) [potion of
                  | mutation]
 45349 | Depths:3 | Gained mutation: You have hidden genetic potential. [potion
                  | of mutation]
 45349 | Depths:3 | Gained mutation: You have supernaturally acute eyesight.
                  | (SInv) [potion of mutation]
 45568 | Depths:4 | +0 storm dragon scales {rare}; a storm dragon skeleton
 45577 | Zot:1    | Entered Level 1 of the Realm of Zot
 45577 | Zot:1    | Noticed an electric golem
 45583 | Zot:1    | Killed an electric golem
 45602 | Zot:1    | Identified +0 gold dragon scales
 45633 | Depths:4 | Identified +0 gold dragon scales
 45635 | Depths:4 | +0 gold dragon scales {rare}; a golden dragon corpse
 45808 | Zot:1    | Gained mutation: You can hurl damnation. [demonic ancestry]
 45808 | Zot:1    | Reached XP level 25. HP: 220/238 MP: 28/35
 45837 | Zot:1    | Found the +4 dragonskin cloak
 45837 | Zot:1    | Tiamat, Avatar of the Dragonlord comes into view. She is
                  | wielding a +3 glaive of freezing and wearing the +4
                  | dragonskin cloak.
 45837 | Zot:1    | Noticed Tiamat
 45840 | Zot:1    | Reached skill level 21 in Shapeshifting
 46015 | Zot:1    | Here: Tiamat, wielding a +3 glaive of freezing and wearing
                  | the +4 dragonskin cloak (ally target)
 46201 | Depths:4 | Killed Tiamat
 46207 | Depths:4 | You drop the +13 crystal plate armour "Faifusho" {Int+2,
                  | rare=g}.
 46229 | Depths:4 | V - the +13 crystal plate armour "Faifusho" {Int+2, rare=g}
 46235 | Depths:4 | You drop the +13 crystal plate armour "Faifusho" {Int+2,
                  | rare=g}.
 46678 | Zot:1    | Found a transporter.
 46697 | Zot:1    | Noticed a curse toe
 46714 | Zot:1    | Killed a curse toe
 46985 | Zot:1    | Found a transporter.
 47006 | Zot:1    | Noticed an ancient lich
 47213 | Zot:1    | Killed an ancient lich
 47272 | Zot:1    | Identified the ring "Tuvoe" {Fly rC+ Str+2 Stlth-}
 47283 | Zot:1    | Identified the ring "Joff" {rPois Will++}
 47660 | Zot:2    | Noticed a Killer Klown
 47670 | Zot:2    | Killed a Killer Klown
 47697 | Zot:2    | Reached skill level 22 in Shapeshifting
 47729 | Zot:2    | Identified +0 gold dragon scales
 47790 | Zot:2    | You pick up a book of the Tundra and begin reading...
 48092 | Zot:2    | You pick up a book of Party Tricks and begin reading...
 48092 | Zot:2    | You add the spells Jinxbite and Alistair's Intoxication to
                  | your library.
 48548 | Zot:3    | You pick up a book of the Warp and begin reading...
 48548 | Zot:3    | You add the spells Manifold Assault and Disjunction to your
                  | library.
 48625 | Zot:3    | +0 shadow dragon scales {rare}; a shadow dragon corpse
 48834 | Zot:3    | You pick up a book of Storms and begin reading...
 49125 | Zot:3    | Identified +0 gold dragon scales
 49130 | Zot:3    | +0 gold dragon scales {rare}; a golden dragon corpse
 49150 | Zot:3    | Identified +0 gold dragon scales
 49152 | Zot:3    | +0 gold dragon scales {rare}; a golden dragon corpse
 49182 | Zot:3    | +0 gold dragon scales {rare}; a golden dragon corpse
 49195 | Zot:3    | Got a fuliginous book
 49233 | Zot:3    | +0 gold dragon scales {rare}; a golden dragon corpse
 49402 | Zot:4    | Noticed a juggernaut
 49417 | Zot:4    | Noticed an electric golem
 49419 | Zot:4    | Noticed an ancient lich
 49422 | Zot:4    | Killed a juggernaut
 49426 | Zot:4    | Killed an electric golem
 49433 | Zot:4    | Killed an ancient lich
 49433 | Zot:4    | Gained mutation: You expend magic power (3 MP) to
                  | strengthen your wands. [hidden potential]
 49434 | Zot:4    | Reached skill level 23 in Shapeshifting
 49434 | Zot:4    | Reached skill level 1 in Evocations
 49492 | Zot:4    | Reached skill level 2 in Evocations
 49512 | Zot:4    | Reached skill level 3 in Evocations
 49531 | Zot:4    | Reached skill level 4 in Evocations
 49568 | Zot:4    | Reached skill level 5 in Evocations
 49770 | Zot:4    | Reached skill level 6 in Evocations
 49774 | Zot:4    | Identified +0 gold dragon scales
 49776 | Zot:4    | +0 gold dragon scales {rare}; a golden dragon corpse
 49804 | Zot:4    | Reached skill level 7 in Evocations
 49937 | Zot:4    | Gained mutation: You are completely covered in sharp
                  | spines. [demonic ancestry]
 49937 | Zot:4    | Reached XP level 26. HP: 246/246 MP: 33/35
 49958 | Zot:4    | Reached skill level 8 in Evocations
 50242 | Zot:4    | +0 shadow dragon scales {rare}; a shadow dragon corpse
 50279 | Zot:4    | magus.rc [v1.9.6]
 50792 | Slime:1  | Entered Level 1 of the Pits of Slime
 50841 | Slime:1  | Reached skill level 9 in Evocations
 50910 | Slime:2  | Reached skill level 10 in Evocations
 51032 | Slime:4  | Reached skill level 22 in Axes
 51076 | Slime:5  | Entered Level 5 of the Pits of Slime
 51121 | Slime:5  | Paralysed by a floating eye for 4 turns
 51129 | Slime:5  | Paralysed by a floating eye for 2 turns
 51153 | Slime:5  | Noticed the Royal Jelly
 51165 | Slime:5  | Reached skill level 23 in Axes
 51199 | Slime:5  | Killed the Royal Jelly
 51276 | Slime:5  | Found the +1 robe of Vines {NoPotionHeal Regen++++}
 51292 | Slime:5  | Got a resplendent book
 51302 | Slime:5  | You pick up a book of Party Tricks and begin reading...
 51394 | Slime:5  | Identified the ring "Pupaf" {Wiz Str+4}
 51399 | Slime:5  | Got a slimy rune of Zot
 51572 | Slime:5  | Identified the scarf of Evuomigadgh {harm, rF+ Regen+
                  | Str-3}
 51575 | Slime:5  | Identified the ring of Jot Napn {rN++ Will+ Int+8 Dex-3
                  | Slay-6}
 52149 | Depths:2 | Voluntarily entered the Abyss.
 52149 | Abyss:1  | Found a corrupted altar of Lugonu.
 52211 | Abyss:3  | Found a corrupted altar of Lugonu.
 52333 | Abyss:3  | Reached skill level 24 in Axes
 52395 | Abyss:3  | Paralysed by accursed screaming for 1 turns
 52590 | Abyss:3  | Got an abyssal rune of Zot
 52596 | Depths:2 | You pass through the gate.
 52596 | Depths:2 | Escaped the Abyss
 52812 | Depths:2 | g - +8 gold dragon scales (worn) {rare}
 52815 | Pan      | Entered Pandemonium
 52834 | Pan      | Noticed Mennas
 52845 | Pan      | Killed Mennas
 52846 | Pan      | Reached skill level 15 in Armour
 53060 | Pan      | Noticed Itacu the pandemonium lord
 53076 | Pan      | Killed Itacu the pandemonium lord
 53176 | Pan      | Reached skill level 16 in Armour
 53197 | Pan      | Found a runed translucent door.
 53204 | Pan      | Got a demonic rune of Zot
 53232 | Pan      | You pick up a book of Party Tricks and begin reading...
 53244 | Pan      | Noticed Xytaud the pandemonium lord
 53258 | Pan      | Killed Xytaud the pandemonium lord
 53320 | Pan      | Reached XP level 27. HP: 256/256 MP: 35/35
 53511 | Pan      | your +8 gold dragon scales {rare} glow green for a moment.
 53663 | Pan      | Reached skill level 23 in Fighting
 53721 | Pan      | Entered the realm of Gloorx Vloq.
 53733 | Pan      | Reached skill level 9 in Dodging
 53860 | Pan      | Identified the ring of the Lich-sworn {Drain +Blink Int+6
                  | Slay-5 SInv}
 53945 | Pan      | Found an exit through the horrors of the Abyss.
 53950 | Pan      | Reached skill level 10 in Dodging
 53962 | Pan      | Noticed a curse skull
 53969 | Pan      | Killed a curse skull
 53972 | Pan      | Noticed a curse skull
 53982 | Pan      | Killed a curse skull
 54049 | Pan      | You pick up a book of Touch and begin reading...
 54133 | Pan      | Identified the +0 chain mail "Ranumaj" {Will+}
 54196 | Pan      | Noticed Gloorx Vloq
 54204 | Pan      | Killed Gloorx Vloq
 54205 | Pan      | Reached skill level 11 in Dodging
 54218 | Pan      | Got a dark rune of Zot
 54348 | Pan      | Took an exit into the Abyss.
 54348 | Abyss:3  | You pass through the gate.
 54348 | Abyss:3  | Escaped into the Abyss
 54372 | Depths:2 | You pass through the gate.
 54372 | Depths:2 | Escaped the Abyss
 54419 | Depths:1 | Bought a +0 plate armour for 276 gold pieces
 54419 | Depths:1 | Bought the +10 tower shield of Ignorance {rN+ Int-4} for
                  | 687 gold pieces
 54419 | Depths:1 | Bought the +0 pair of boots of the Pleiades {rF+} for 222
                  | gold pieces
 54419 | Depths:1 | Found the +10 tower shield of Ignorance {rN+ Int-4}
 54503 | Pan      | Entered Pandemonium
 54511 | Pan      | Reached skill level 12 in Dodging
 54533 | Pan      | your +9 gold dragon scales {rare} glow green for a moment.
 54778 | Pan      | You pick up a book of the Moon and begin reading...
 54818 | Pan      | Identified the +7 chain mail of the Shining Light {rF+ rC+
                  | Int+4}
 54863 | Pan      | Reached skill level 13 in Dodging
 54925 | Pan      | Noticed Jisam the pandemonium lord
 54937 | Pan      | Killed Jisam the pandemonium lord
 54945 | Pan      | You add the spells Sandblast, Stone Arrow and Animate
                  | Armour to your library.
 54945 | Pan      | Got a disorganized book
 54962 | Pan      | Identified the +3 scale mail of Heihial {-Cast Str+2 SInv}
 54972 | Pan      | Found an exit through the horrors of the Abyss.
 55205 | Pan      | Reached skill level 14 in Dodging
 55207 | Pan      | Found a huge runed translucent gate.
 55228 | Pan      | Found a huge runed translucent gate.
 55229 | Pan      | Found a huge runed translucent gate.
 55229 | Pan      | Found a huge runed translucent gate.
 55229 | Pan      | Found a huge runed translucent gate.
 55229 | Pan      | Found a huge runed translucent gate.
 55229 | Pan      | Found a huge runed translucent gate.
 55241 | Pan      | Noticed Woatyuf the pandemonium lord
 55243 | Pan      | Reached skill level 19 in Shields
 55249 | Pan      | Killed Woatyuf the pandemonium lord
 55404 | Pan      | Noticed Noutiam the pandemonium lord
 55418 | Pan      | Killed Noutiam the pandemonium lord
 55463 | Pan      | your +10 gold dragon scales {rare} glow green for a moment.
 55470 | Pan      | You pick up a book of Fire and begin reading...
 55529 | Pan      | Reached skill level 20 in Shields
 55574 | Pan      | Found an exit through the horrors of the Abyss.
 55580 | Pan      | Entered the realm of Cerebov.
 55705 | Pan      | your +11 gold dragon scales {rare} glow green for a moment.
 55801 | Pan      | Found the +6 sword of Cerebov {flame}
 55801 | Pan      | Cerebov, Demon Lord of Fire and Steel comes into view. They
                  | are wielding the +6 sword of Cerebov {flame}.
 55801 | Pan      | Noticed Cerebov
 55825 | Pan      | Here: Cerebov, wielding the +6 sword of Cerebov {flame}
                  | (severely wounded, fast, slow, weak)
 55825 | Pan      | Here: Cerebov, wielding the +6 sword of Cerebov {flame}
                  | (severely wounded, fast, slow, weak)
 55833 | Pan      | Killed Cerebov
 55852 | Pan      | Reached skill level 24 in Fighting
 55939 | Pan      | You pick up a book of Callings and begin reading...
 55941 | Pan      | You pick up a book of Armaments and begin reading...
 55966 | Pan      | Identified the +10 eveningstar of Infinity {holy, *Rage
                  | rCorr Int+4 Dex+2}
 55985 | Pan      | You pick up a book of Displacement and begin reading...
 56007 | Pan      | You pick up a book of Geomancy and begin reading...
 56070 | Pan      | Got a fiery rune of Zot
 56324 | Pan      | Found a runed translucent door.
 57001 | Pan      | Entered the realm of Lom Lobon.
 57001 | Pan      | Noticed Lom Lobon
 57215 | Pan      | You add the spells Summon Forest, Eringya's Noxious Bog and
                  | Summon Hydra to your library.
 57252 | Pan      | Found an exit through the horrors of the Abyss.
 57435 | Pan      | Reached skill level 25 in Fighting
 57574 | Pan      | HP: 66/266 [Lom Lobon/vortex (17)]
 58086 | Pan      | Got a magical rune of Zot
 58132 | Pan      | Noticed Achuhong the pandemonium lord
 58138 | Pan      | Reached skill level 17 in Armour
 58142 | Pan      | Killed Achuhong the pandemonium lord
 58162 | Pan      | Found an exit through the horrors of the Abyss.
 58166 | Pan      | Took an exit into the Abyss.
 58166 | Abyss:3  | You pass through the gate.
 58166 | Abyss:3  | Escaped into the Abyss
 58372 | Depths:2 | You pass through the gate.
 58372 | Depths:2 | Escaped the Abyss
 58674 | Elf:1    | Bought a manual of Axes for 880 gold pieces
 58743 | Orc:2    | Bought a manual of Throwing for 1280 gold pieces
 58743 | Orc:2    | magus.rc [v1.9.6]
 58978 | Pan      | Entered the realm of Mnoleg.
 58978 | Pan      | Entered Pandemonium
 59234 | Pan      | Noticed Mnoleg
 59247 | Pan      | Killed Mnoleg
 59254 | Pan      | Reached skill level 25 in Axes
 59306 | Pan      | Got a glowing rune of Zot
 59392 | Pan      | Found an exit through the horrors of the Abyss.
 59456 | Pan      | Identified the +0 broad axe of Disgust {freeze, rF++}
 59507 | Pan      | Took an exit into the Abyss.
 59507 | Abyss:3  | You pass through the gate.
 59507 | Abyss:3  | Escaped into the Abyss
 59540 | Abyss:4  | Found a corrupted altar of Lugonu.
 59717 | Abyss:4  | Found a corrupted altar of Lugonu.
 59764 | Abyss:4  | Reached skill level 26 in Axes
 59872 | Depths:2 | You pass through the gate.
 59872 | Depths:2 | Escaped the Abyss
 59950 | Hell     | Entered the Vestibule of Hell
 59950 | Hell     | Noticed Geryon
 59951 | Hell     | Noticed Murray
 59966 | Hell     | Killed Murray
 59994 | Hell     | HP: 64/266 [smoke demon/divine providence (8)]
 59996 | Hell     | Killed Geryon
 59996 | Hell     | HP: 22/266 [iron golem (20)]
 60447 | Hell     | Found a gateway to the Iron City of Dis.
 60482 | Dis:1    | Entered Level 1 of the Iron City of Dis
 60492 | Dis:1    | Reached skill level 27 in Axes
 60604 | Dis:2    | Noticed a caustic shrike
 60614 | Dis:2    | Noticed a caustic shrike
 60617 | Dis:2    | Noticed a caustic shrike
 60618 | Dis:2    | Noticed a caustic shrike
 60619 | Dis:2    | Noticed a caustic shrike
 60622 | Dis:2    | Killed a caustic shrike
 60625 | Dis:2    | Killed a caustic shrike
 60625 | Dis:2    | Killed a caustic shrike
 60627 | Dis:2    | Killed a caustic shrike
 60633 | Dis:2    | Reached skill level 26 in Fighting
 60669 | Dis:2    | Killed a caustic shrike
 60894 | Dis:3    | Noticed a caustic shrike
 60894 | Dis:3    | Noticed a caustic shrike
 60894 | Dis:3    | Noticed a caustic shrike
 60897 | Dis:3    | Killed a caustic shrike
 60900 | Dis:3    | Killed a caustic shrike
 60900 | Dis:3    | Killed a caustic shrike
 60947 | Dis:4    | Noticed a caustic shrike
 60947 | Dis:4    | Noticed a caustic shrike
 60949 | Dis:4    | Noticed a caustic shrike
 60949 | Dis:4    | Noticed a caustic shrike
 60950 | Dis:4    | Noticed a caustic shrike
 60953 | Dis:4    | Killed a caustic shrike
 60953 | Dis:4    | Noticed a caustic shrike
 60955 | Dis:4    | Noticed a caustic shrike
 60956 | Dis:4    | Killed a caustic shrike
 60956 | Dis:4    | Noticed a caustic shrike
 60958 | Dis:4    | Killed a caustic shrike
 60960 | Dis:4    | Killed a caustic shrike
 60961 | Dis:4    | Killed a caustic shrike
 60965 | Dis:4    | Killed a caustic shrike
 60967 | Dis:4    | Killed a caustic shrike
 60968 | Dis:4    | Killed a caustic shrike
 61192 | Dis:6    | Noticed a caustic shrike
 61193 | Dis:6    | Noticed a caustic shrike
 61194 | Dis:6    | Noticed a caustic shrike
 61196 | Dis:6    | Noticed a caustic shrike
 61197 | Dis:6    | Noticed a caustic shrike
 61197 | Dis:6    | Noticed a caustic shrike
 61203 | Dis:6    | Killed a caustic shrike
 61204 | Dis:6    | Reached skill level 27 in Fighting
 61204 | Dis:6    | Killed a caustic shrike
 61205 | Dis:6    | Killed a caustic shrike
 61206 | Dis:6    | Reached skill level 18 in Armour
 61206 | Dis:6    | Killed a caustic shrike
 61207 | Dis:6    | Killed a caustic shrike
 61208 | Dis:6    | Killed a caustic shrike
 61307 | Dis:6    | Noticed a caustic shrike
 61314 | Dis:6    | Killed a caustic shrike
 61340 | Dis:6    | Noticed a caustic shrike
 61350 | Dis:6    | Killed a caustic shrike
 61437 | Dis:6    | Noticed a caustic shrike
 61442 | Dis:6    | Killed a caustic shrike
 61472 | Dis:7    | Entered Level 7 of the Iron City of Dis
 61566 | Dis:7    | Reached skill level 19 in Armour
 61646 | Dis:7    | Noticed a caustic shrike
 61663 | Dis:7    | Killed a caustic shrike
 61974 | Dis:7    | Noticed a caustic shrike
 61987 | Dis:7    | Killed a caustic shrike
 62259 | Dis:7    | Reached skill level 20 in Armour
 62274 | Dis:7    | Noticed a caustic shrike
 62274 | Dis:7    | Noticed a caustic shrike
 62274 | Dis:7    | Noticed a caustic shrike
 62274 | Dis:7    | Noticed a caustic shrike
 62281 | Dis:7    | Killed a caustic shrike
 62285 | Dis:7    | Killed a caustic shrike
 62286 | Dis:7    | Killed a caustic shrike
 62287 | Dis:7    | Killed a caustic shrike
 62434 | Dis:7    | You pick up a book of Debilitation and begin reading...
 62434 | Dis:7    | You add the spells Slow and Sigil of Binding to your
                  | library.
 62436 | Dis:7    | You pick up a book of Chaos and begin reading...
 62466 | Dis:7    | Noticed a caustic shrike
 62468 | Dis:7    | Noticed a caustic shrike
 62472 | Dis:7    | Reached skill level 1 in Throwing
 62472 | Dis:7    | Noticed a caustic shrike
 62477 | Dis:7    | Killed a caustic shrike
 62477 | Dis:7    | Killed a caustic shrike
 62478 | Dis:7    | Reached skill level 2 in Throwing
 62481 | Dis:7    | Killed a caustic shrike
 62482 | Dis:7    | Reached skill level 3 in Throwing
 62499 | Dis:7    | Reached skill level 4 in Throwing
 62506 | Dis:7    | Reached skill level 15 in Dodging
 62512 | Dis:7    | Reached skill level 5 in Throwing
 62658 | Dis:7    | Reached skill level 6 in Throwing
 62688 | Dis:7    | Noticed a caustic shrike
 62693 | Dis:7    | Killed a caustic shrike
 62699 | Dis:7    | Reached skill level 7 in Throwing
 62726 | Dis:7    | Identified the staff of Propriety {rF+ rCorr Fire}
 62736 | Dis:7    | You pick up a book of Winter and begin reading...
 62855 | Dis:7    | Reached skill level 8 in Throwing
 62858 | Dis:7    | Noticed Dispater
 62877 | Dis:7    | Killed Dispater
 62880 | Dis:7    | Reached skill level 9 in Throwing
 62895 | Dis:7    | Got an iron rune of Zot
 62908 | Dis:7    | Identified the +1 crystal plate armour of Muttered Phrases
                  | {Str+3 Int+3 Stlth+}
 62909 | Dis:7    | j - the +1 crystal plate armour of Muttered Phrases {Str+3
                  | Int+3 Stlth+, rare=g}
 62910 | Dis:7    | You drop the +1 crystal plate armour of Muttered Phrases
                  | {Str+3 Int+3 Stlth+, rare=g}.
 63236 | Dis:7    | Noticed a caustic shrike
 63239 | Dis:7    | Noticed a caustic shrike
 63240 | Dis:7    | Noticed a caustic shrike
 63241 | Dis:7    | Killed a caustic shrike
 63241 | Dis:7    | Noticed a caustic shrike
 63245 | Dis:7    | Killed a caustic shrike
 63245 | Dis:7    | Killed a caustic shrike
 63246 | Dis:7    | Reached skill level 10 in Throwing
 63252 | Dis:7    | Killed a caustic shrike
 63531 | Crypt:1  | Entered Level 1 of the Crypt
 63533 | Crypt:1  | Noticed Vv
 63545 | Crypt:1  | Killed Vv
 63546 | Crypt:1  | Reached skill level 11 in Throwing
 63665 | Crypt:1  | You pick up a book of the Senses and begin reading...
 63784 | Crypt:1  | You pick up a book of Cantrips and begin reading...
 63853 | Crypt:1  | Reached skill level 12 in Throwing
 63867 | Crypt:1  | Found a transporter.
 63885 | Crypt:1  | Noticed a royal mummy
 63895 | Crypt:1  | Found a transporter.
 63923 | Crypt:1  | Noticed Gith's ghost (veteran MeFi)
 63923 | Crypt:1  | Noticed a curse skull
 63923 | Crypt:1  | Noticed Kiamal's ghost (veteran GnHW)
 63932 | Crypt:1  | Noticed a curse skull
 63941 | Crypt:1  | Killed Kiamal's ghost
 63942 | Crypt:1  | Killed a curse skull
 63957 | Crypt:1  | Killed Gith's ghost
 63974 | Crypt:1  | Killed a royal mummy
 63992 | Crypt:1  | Identified the +1 cloak of Uskayaw, Cursing {Drain Dex+7}
 63996 | Crypt:1  | Identified the +0 hat "Kicsol" {Dex+3}
 63999 | Crypt:1  | Identified the +1 pair of boots of Dim Light {Str+3 Int+4}
 64002 | Crypt:1  | Identified the +1 cloak of the Tarantula {rN+ Regen+ Int+3}
 64054 | Crypt:1  | Killed a curse skull
 64057 | Crypt:1  | Reached skill level 16 in Dodging
 64134 | Crypt:1  | You pick up a book of Burglary and begin reading...
 64504 | Crypt:2  | Noticed a curse skull
 64511 | Crypt:2  | Killed a curse skull
 64703 | Crypt:2  | Reached skill level 17 in Dodging
 64784 | Crypt:2  | Noticed a curse skull
 64790 | Crypt:2  | Killed a curse skull
 65144 | Crypt:2  | Found a runed translucent door.
 65145 | Crypt:2  | Noticed an ancient lich
 65228 | Crypt:2  | Killed an ancient lich
 65262 | Crypt:3  | Entered Level 3 of the Crypt
 65350 | Crypt:3  | Found an ancient bone altar of Kikubaaqudgha.
 65354 | Crypt:3  | Reached skill level 18 in Dodging
 65407 | Crypt:3  | Identified the +11 great sword of Cereff {pain, rElec}
 65578 | Crypt:3  | Got an inconspicuous book
 65774 | Crypt:3  | Reached skill level 19 in Dodging
 65962 | Crypt:3  | Identified the +6 longbow of Youthful Indiscretion {drain,
                  | rN+ Str+2 Int-3}
 65969 | Crypt:3  | Found a staircase to the Tomb.
 66000 | Crypt:3  | Identified the +8 dagger of Xeenogh {freeze, rC+}
 66016 | Crypt:3  | Identified the +0 helmet of Boiling Hail {Drain Will+
                  | Regen+}
 66144 | Tomb:1   | Entered Level 1 of the Tomb of the Ancients
 67176 | Orc:2    | Bought 4 javelins for 216 gold pieces
 67707 | Hell     | Found a gateway to the decaying netherworld of Tartarus.
 67714 | Tar:1    | Entered Level 1 of Tartarus
 67753 | Tar:2    | Noticed a juggernaut
 67762 | Tar:2    | Reached skill level 20 in Dodging
 67765 | Tar:2    | Killed a juggernaut
 67790 | Tar:2    | Noticed a juggernaut
 67800 | Tar:2    | Killed a juggernaut
 67859 | Tar:3    | Reached skill level 21 in Shields
 68168 | Tar:6    | Noticed an ancient lich
 68177 | Tar:6    | Killed an ancient lich
 68229 | Tar:6    | Reached skill level 22 in Shields
 68267 | Tar:7    | Entered Level 7 of Tartarus
 68489 | Tar:7    | Reached skill level 23 in Shields
 68563 | Tar:7    | Noticed Ereshkigal
 68583 | Tar:7    | Killed Ereshkigal
 68602 | Tar:7    | Got a bone rune of Zot
 68818 | Hell     | Found a gateway to the ashen valley of Gehenna.
 68859 | Hell     | magus.rc [v1.9.6]
 68862 | Geh:1    | Entered Level 1 of Gehenna
 69076 | Geh:3    | Reached skill level 24 in Shields
 69258 | Geh:5    | Reached skill level 13 in Throwing
 69378 | Geh:6    | Reached skill level 14 in Throwing
 69521 | Geh:7    | Entered Level 7 of Gehenna
 70137 | Geh:7    | Noticed an ancient lich
 70143 | Geh:7    | Killed an ancient lich
 70271 | Geh:7    | Reached skill level 15 in Throwing
 70293 | Geh:7    | Identified the ring of Viclulih {Contam rF+ Str+5 Int+4
                  | Dex+6}
 70779 | Geh:7    | Identified the +1 demon whip of Irritation {heavy, rElec
                  | Will++ Str+2 Stlth-}
 70841 | Geh:7    | Identified the +8 great sword "Apaelum" {freeze, Stlth+}
 70949 | Geh:7    | Found the +13 sceptre of Asmodeus
 70949 | Geh:7    | Noticed Asmodeus
 70949 | Geh:7    | Asmodeus is wielding the +13 sceptre of Asmodeus.
 70962 | Geh:7    | Reached skill level 16 in Throwing
 70967 | Geh:7    | Killed Asmodeus
 71018 | Geh:7    | Got an obsidian rune of Zot
 71566 | Hell     | Found a gateway to the freezing wastes of Cocytus.
 71575 | Coc:1    | Entered Level 1 of Cocytus
 71613 | Coc:2    | Paralysed by a wendigo for 1 turns
 71636 | Coc:2    | Paralysed by a wendigo for 1 turns
 71640 | Coc:2    | Paralysed by a wendigo for 1 turns
 71677 | Coc:3    | Reached skill level 17 in Throwing
 71842 | Coc:5    | Paralysed by a wendigo for 1 turns
 71844 | Coc:5    | Reached skill level 18 in Throwing
 71864 | Coc:5    | Paralysed by a wendigo for 1 turns
 71935 | Coc:6    | Paralysed by a wendigo for 1 turns
 71937 | Coc:6    | Paralysed by a wendigo for 1 turns
 71943 | Coc:6    | Paralysed by a wendigo for 1 turns
 71965 | Coc:7    | Entered Level 7 of Cocytus
 71970 | Coc:7    | Reached skill level 19 in Throwing
 71984 | Coc:7    | Noticed an ancient lich
 71995 | Coc:7    | Killed an ancient lich
 72071 | Coc:7    | Noticed the Serpent of Hell
 72095 | Coc:7    | Killed the Serpent of Hell
 72096 | Coc:7    | Reached skill level 20 in Throwing
 72121 | Coc:7    | Paralysed by a wendigo for 1 turns
 72172 | Coc:7    | Noticed an ancient lich
 72176 | Coc:7    | Reached skill level 17 in Invocations
 72181 | Coc:7    | Killed an ancient lich
 72204 | Coc:7    | Noticed Antaeus
 72233 | Coc:7    | Killed Antaeus
 72234 | Coc:7    | Reached skill level 18 in Invocations
 72235 | Coc:7    | Found the +9 sword of Zonguldrok {reap}
 72418 | Coc:7    | Got an icy rune of Zot
 72428 | Coc:7    | You pick up a rare book and begin reading...
 72428 | Coc:7    | Got a rare book
 72430 | Coc:7    | You pick up a book of Blood and begin reading...
 72439 | Coc:7    | Identified the +0 scale mail "Faips" {Slay+2}
 72583 | Coc:7    | Paralysed by a wendigo for 1 turns
 72586 | Coc:7    | Paralysed by a wendigo for 1 turns
 72624 | Coc:7    | Paralysed by a wendigo for 1 turns
 72647 | Coc:7    | Reached skill level 19 in Invocations
 72714 | Coc:7    | Identified the +6 spear of Ungucyin {flame, rF+ rCorr
                  | Int-5}
 72716 | Coc:7    | You pick up a book of Party Tricks and begin reading...
 72718 | Coc:7    | Got an innocuous book
 72725 | Coc:7    | Identified a +2 crystal plate armour
 72884 | Coc:7    | Reached skill level 20 in Invocations
 72942 | Coc:7    | Paralysed by a wendigo for 1 turns
 73588 | Tomb:1   | Noticed a royal mummy
 73599 | Tomb:1   | Killed a royal mummy
 73664 | Tomb:1   | You pick up a book of Misfortune and begin reading...
 74118 | Tomb:2   | Noticed a royal mummy
 74118 | Tomb:2   | Noticed a royal mummy
 74118 | Tomb:2   | Noticed a royal mummy
 74119 | Tomb:2   | Noticed a royal mummy
 74127 | Tomb:2   | Killed a royal mummy
 74133 | Tomb:2   | Killed a royal mummy
 74142 | Tomb:2   | Killed a royal mummy
 74142 | Tomb:2   | Killed a royal mummy
 74143 | Tomb:2   | Reached skill level 25 in Shields
 74384 | Tomb:2   | Acquired 1320 gold pieces
 74483 | Tomb:1   | Noticed a royal mummy
 74483 | Tomb:1   | Noticed a royal mummy
 74485 | Tomb:1   | Noticed a royal mummy
 74486 | Tomb:1   | Noticed a royal mummy
 74494 | Tomb:1   | Killed a royal mummy
 74498 | Tomb:1   | Noticed a royal mummy
 74511 | Tomb:1   | Killed a royal mummy
 74593 | Tomb:1   | Killed a royal mummy
 74597 | Tomb:1   | Noticed a royal mummy
 74597 | Tomb:1   | Noticed a royal mummy
 74601 | Tomb:1   | Killed a royal mummy
 74603 | Tomb:1   | Killed a royal mummy
 74606 | Tomb:1   | Killed a royal mummy
 74633 | Tomb:1   | Killed a royal mummy
 74865 | Tomb:1   | Noticed a royal mummy
 74866 | Tomb:1   | Noticed a royal mummy
 74873 | Tomb:1   | Noticed a royal mummy
 74874 | Tomb:1   | Killed a royal mummy
 74880 | Tomb:1   | Killed a royal mummy
 74890 | Tomb:1   | Killed a royal mummy
 74903 | Tomb:1   | Noticed a royal mummy
 74906 | Tomb:1   | Noticed a royal mummy
 74910 | Tomb:1   | Killed a royal mummy
 74911 | Tomb:1   | Noticed a royal mummy
 74921 | Tomb:1   | Killed a royal mummy
 74923 | Tomb:1   | Killed a royal mummy
 74936 | Tomb:1   | Noticed a royal mummy
 74944 | Tomb:1   | Killed a royal mummy
 74945 | Tomb:1   | Reached skill level 26 in Shields
 74960 | Tomb:1   | Noticed a royal mummy
 74966 | Tomb:1   | Noticed a royal mummy
 74969 | Tomb:1   | Killed a royal mummy
 74970 | Tomb:1   | Noticed a royal mummy
 74978 | Tomb:1   | Killed a royal mummy
 74979 | Tomb:1   | Noticed a royal mummy
 74980 | Tomb:1   | Killed a royal mummy
 74982 | Tomb:1   | Noticed a royal mummy
 75001 | Tomb:1   | Killed a royal mummy
 75011 | Tomb:1   | Killed a royal mummy
 75344 | Tomb:2   | You pick up a book of the Spheres and begin reading...
 75611 | Tomb:3   | Entered Level 3 of the Tomb of the Ancients
 75650 | Tomb:3   | Noticed a royal mummy
 75666 | Tomb:3   | Noticed a royal mummy
 75674 | Tomb:3   | Noticed a royal mummy
 75674 | Tomb:3   | Noticed a royal mummy
 75678 | Tomb:3   | Killed a royal mummy
 75679 | Tomb:3   | Noticed a royal mummy
 75687 | Tomb:3   | Noticed a royal mummy
 75698 | Tomb:3   | Noticed a royal mummy
 75700 | Tomb:3   | Killed a royal mummy
 75701 | Tomb:3   | Reached skill level 27 in Shields
 75702 | Tomb:3   | Killed a royal mummy
 75713 | Tomb:3   | Noticed a royal mummy
 75714 | Tomb:3   | Killed a royal mummy
 75721 | Tomb:3   | Noticed a royal mummy
 75733 | Tomb:3   | Killed a royal mummy
 75735 | Tomb:3   | Killed a royal mummy
 75743 | Tomb:3   | Killed a royal mummy
 75765 | Tomb:3   | Killed a royal mummy
 75770 | Tomb:3   | Killed a royal mummy
 75929 | Tomb:3   | You pick up a book of the Earth and begin reading...
 75958 | Tomb:3   | Identified the +6 scale mail "Mumu" {Harm rN+ Str+3}
 76125 | Tomb:3   | Got a golden rune of Zot
 76157 | Tomb:3   | Found the +12 glaive of Prune {freeze, Prune}
 76158 | Tomb:3   | Identified the +5 chain mail "Qupotzas" {Rampage +Inv
                  | Str-2}
 76160 | Tomb:3   | Found the +11 Singing Sword {sonic wave}
 76184 | Tomb:3   | Got a murmuring book
 76226 | Tomb:3   | Identified the ring "Siaxkirr" {rElec rN+ Str-2 Dex+5
                  | Stlth+}
 76228 | Tomb:3   | Identified the +8 great sword "Rufilupt" {elec, Int+5}
 76807 | Zot:1    | +0 shadow dragon scales {rare}; a +0 trident {polearm}; a
                  | +0 cloak
 76889 | Zot:5    | Entered Level 5 of the Realm of Zot
 77095 | Zot:5    | Reached skill level 21 in Dodging
 77145 | Zot:5    | Noticed an ancient lich
 77153 | Zot:5    | Noticed a dread lich
 77158 | Zot:5    | Noticed an orb of fire
 77163 | Zot:5    | Noticed an orb of fire
 77167 | Zot:5    | Killed an ancient lich
 77172 | Zot:5    | Killed an orb of fire
 77176 | Zot:5    | Noticed an orb of fire
 77177 | Zot:5    | Killed an orb of fire
 77178 | Zot:5    | Noticed an electric golem
 77186 | Zot:5    | Noticed a curse toe
 77205 | Zot:5    | Killed a dread lich
 77207 | Zot:5    | Noticed an electric golem
 77216 | Zot:5    | Killed an orb of fire
 77222 | Zot:5    | Killed a curse toe
 77223 | Zot:5    | Reached skill level 22 in Dodging
 77233 | Zot:5    | Killed an electric golem
 77250 | Zot:5    | Noticed a dread lich
 77259 | Zot:5    | Killed a dread lich
 77271 | Zot:5    | Reached skill level 23 in Dodging
 77283 | Zot:5    | Killed an electric golem
 77313 | Zot:5    | Got the Orb of Zot
 77317 | Zot:5    | Noticed Lazaikiwn the pandemonium lord
 77325 | Zot:5    | Killed Lazaikiwn the pandemonium lord
 78094 | D:$      | Escaped with the Orb!

Vanquished Creatures
  Cerebov (Pan)
  Antaeus (Coc:7)
  Asmodeus (Geh:7)
  the Royal Jelly (Slime:5)
  Mnoleg (Pan)
  the Serpent of Hell (Coc:7)
  2 dread liches (Zot:5)
  Tiamat (Depths:4)
  10 ancient liches
  3 orbs of fire (Zot:5)
  Mennas (Pan)
  4 juggernauts
  Vv (Crypt:1)
  The ghost of Gith the Severer, a veteran MeFi of Okawaru (Crypt:1)
  34 royal mummies
  10 shard shrikes
  2 curse toes
  42 caustic shrikes
  4 Killer Klowns
  Geryon (Hell)
  The ghost of Kiamal the Earth Mage, a veteran GnHW of Vehumet (Crypt:1)
  Nikola (Vaults:2)
  Jory (Vaults:2)
  12 golden dragons
  8 profane servitors
  7 bone dragons
  12 Tzitzimimeh
  8 doom hounds
  12 Brimstone Fiends
  5 hellephants
  4 electric golems
  2 spectral shard shrikes (Tar:3)
  16 Hell Sentinels
  9 iron giants
  Rupert (D:15)
  22 tentacled monstrosities
  27 Ice Fiends
  18 tainted leviathans
  Jorgrun (Orc:1)
  6 liches
  31 titans
  28 Orb Guardians
  20 searing wretches
  5 deep elf blademasters
  19 acid blobs
  8 deep elf master archers
  8 tentacled starspawn
  6 pandemonium lords (Pan)
  Murray (Hell)
  23 Executioners
  9 quicksilver dragons
  47 ancient champions
  6 death cobs
  A thorn hunter (Swamp:3)
  8 sphinxes
  8 storm dragons
  The ghost of xzight the Severer, an adept MiBe of Trog (Swamp:1)
  20 shadow dragons
  Kirke (Spider:1)
  Donald (Vaults:2)
  3 tengu reavers
  A fenstrider witch (Swamp:3)
  10 revenants
  9 azure jellies
  12 rockslimes
  7 demonspawn warmongers (Pan)
  The ghost of Flugkiller the Markstengu, an adept TeHu of Okawaru (Swamp:4)
  9 draconian monks
  29 fire giants
  22 frost giants
  6 iron dragons
  15 narguns
  10 deep elf sorcerers
  6 draconian knights
  5 emperor scorpions
  10 draconian scorchers
  11 quicksilver elementals
  38 balrugs
  13 ghost moths
  21 vault wardens
  2 caustic shrike zombies (WizLab)
  6 curse skulls
  6 draconian shifters
  20 cacodemons
  9 ghouls
  9 demonspawn corrupters (Pan)
  3 spriggan defenders
  7 shard shrike simulacra
  3 spectral caustic shrikes (Tar:3)
  7 orc warlords
  7 formless jellyfish
  Louise (Depths:2)
  18 reapers
  2 caustic shrike skeletons
  5 demonspawn blood saints
  16 very ugly things
  10 ironbound preservers
  7 draconian stormcallers
  6 deep elf elementalists (Elf:3)
  13 draconian annihilators
  24 war gargoyles
  2 broodmothers
  A juggernaut skeleton (Pan)
  33 stone giants
  29 elemental wellsprings
  8 ironbound thunderhulks
  6 putrid mouths
  12 deep elf annihilators
  18 black draconians
  Nessos (Lair:3)
  20 vampire knights
  13 quicksilver oozes
  6 eleionomae
  13 green draconians
  5 deep elf demonologists
  23 purple draconians
  9 demonspawn black suns (Pan)
  2 spectral titans
  Azrael (D:13)
  2 minotaurs (Vaults:4)
  8 spark wasps
  5 red draconians
  19 yellow draconians
  6 halazid warlocks (WizLab)
  12 white draconians
  4 dire elephants
  A bunyip (shapeshifter) (Depths:3)
  5 bunyips
  7 lorocyprocas
  4 bennus (Tomb:3)
  20 wendigos
  26 blizzard demons
  5 merfolk javelineers
  15 ettins
  7 fire dragons
  28 iron golems
  9 green deaths (Pan)
  24 mummy priests
  9 eidola
  6 entropy weavers
  4 merfolk impalers
  2 quicksilver dragon zombies (WizLab)
  3 crystal guardians
  3 spectral spriggans
  5 deep elf death magi
  5 deep elf high priests
  26 jiangshi
  18 yaktaur captains
  11 salamander tyrants
  3 spectral quicksilver dragons
  16 hydras
  A quicksilver dragon skeleton (Pan)
  3 alligators
  Josephine (D:11)
  12 great orbs of eyes
  7 hell beasts
  3 spriggan skeletons
  36 vault guards
  Erolcha (D:10)
  5 peacekeepers
  2 ogre magi
  17 rakshasas
  8 spriggan air magi
  3 ghost crabs
  A fenstrider witch zombie (Crypt:1)
  16 ice dragons
  10 juggernaut simulacra
  A catoblepas (D:13)
  8 caustic shrike simulacra
  17 centaur warriors
  A fenstrider witch skeleton (Pan)
  18 ironbound frosthearts
  19 dancing weapons
  2 radroaches
  5 two-headed ogres
  15 boulder beetles
  5 death knights
  9 deep troll earth magi
  5 deep troll shamans
  21 death scarabs
  15 vampire magi
  20 death yaks
  18 thrashing horrors
  11 demonic crawlers
  4 stokers
  4 spriggan berserkers
  4 orc high priests
  4 tengu warriors
  23 hell hogs
  A spectral dire elephant (Crypt:3)
  Nergalle (D:11)
  Urug (D:12)
  21 hell knights
  27 soul eaters
  16 deep elf knights
  2 skysharks (Lair:2)
  Amaemon (D:8)
  29 spriggans
  A titan zombie (Crypt:1)
  11 crystal echidnas
  66 sun demons
  A sun moth (Spider:4)
  28 sixfirhies
  4 goliath frogs
  5 wretched stars
  A spectral bunyip (Tar:1)
  A storm dragon skeleton (Pan)
  A titan skeleton (Crypt:1)
  An anaconda zombie (Crypt:2)
  5 pharaoh ants (Spider:2)
  30 shadow wraiths
  A golden dragon zombie (Zig:8)
  9 iron trolls
  A sea snake (Zig:6)
  A spectral anaconda (Tar:5)
  49 deep trolls
  4 quicksilver dragon simulacra
  10 spriggan druids
  8 swamp dragons
  54 skeletal warriors
  A bunyip zombie (Tomb:1)
  8 glowing orange brains
  7 spriggan simulacra
  11 orb spiders
  3 orange crystal statues
  14 wizards
  2 bog bodies (Crypt:2)
  12 shadow demons
  A spectral hydra (Tar:5)
  8 flayed ghosts
  17 deep elf archers
  28 ironbound convokers
  2 iron dragon zombies
  16 lindwurms
  8 orc knights
  16 phantasmal warriors
  2 spectral wolf spiders (WizLab)
  18 wolf spiders
  5 steelbarb worms
  15 necromancers
  24 deep elf pyromancers
  30 deep elf zephyrmancers
  5 spectral ettins
  48 ugly things
  A bunyip skeleton (Abyss:3)
  6 orc sorcerers
  6 will-o-the-wisps
  A frost giant zombie (Depths:1)
  5 harpies (Zig:6)
  An oklob plant (Lair:1)
  6 manticores
  4 shining eyes
  18 elephants
  10 cyclopes
  A worldbinder (Abyss:3)
  A stone giant skeleton (Depths:1)
  Maurice (D:11)
  A merfolk siren (Zig:6)
  A frost giant skeleton (Zig:8)
  6 ice statues
  6 rust devils
  24 moths of wrath
  8 molten gargoyles
  26 vault sentinels
  5 titan simulacra
  3 eyes of devastation
  37 smoke demons
  25 orange demons
  An alligator snapping turtle zombie (Crypt:1)
  5 gargoyles
  2 unseen horrors (D:13)
  Jeremiah (D:6)
  4 black mambas
  3 torpor snails
  2 dire elephant skeletons
  5 efreet
  2 centaur skeletons
  4 cane toads
  5 komodo dragons
  Maggie (D:5)
  2 bunyip simulacra
  7 anaconda simulacra
  6 kobold demonologists
  An elf zombie (Vaults:1)
  An unseen horror zombie (Crypt:2)
  45 yaktaurs
  A golden dragon simulacrum (Zig:7)
  11 rime drakes
  6 tengu conjurers
  15 freezing wraiths
  25 hellions
  5 red devils (Pan)
  7 trolls
  4 silent spectres
  14 ice devils
  9 spectral harpies
  19 tormentors
  An iron giant simulacrum (Coc:2)
  12 meliai
  42 guardian mummies
  A wind drake (Zig:6)
  3 ancient zymes
  A hornet (shapeshifter) (Vaults:5)
  12 hellwings
  13 polar bears
  3 tyrant leeches
  14 merfolk
  Prince Ribbit (D:6)
  A wolf spider simulacrum (D:15)
  2 bloated husks
  A deep troll zombie (Vaults:1)
  A raiju (shapeshifter) (D:13)
  31 tarantellas
  14 raiju
  27 hornets
  13 blink frogs
  3 dream sheep (D:8)
  A stone giant simulacrum (Coc:3)
  70 slime creatures
  A fire giant simulacrum (Depths:1)
  72 flying skulls
  34 jumping spiders
  An air elemental (Elf:2)
  5 ettin skeletons
  A centaur simulacrum (D:13)
  9 water elementals
  3 shadows
  3 wyverns
  21 ynoxinuls
  38 yaks
  30 culicivoras
  2 fire dragon skeletons (Pan)
  2 slime creature zombies
  19 wraiths
  4 dire elephant simulacra
  2 humans (Spider:1)
  A hog (shapeshifter) (D:13)
  4 golden eyes
  2 basilisks
  4 hogs (Spider:1)
  19 ushabtiu
  Grum (D:8)
  4 fire elementals
  6 steam dragons
  23 neqoxecs
  12 swamp worms
  107 redbacks
  10 harpy simulacra
  20 chaos spawn
  11 vampire mosquitoes
  The ghost of bmj180 the Conjurer, an amateur HuCj (D:3)
  8 wargs
  4 acid dragons
  Edmund (D:4)
  40 large abominations
  Menkaure (D:6)
  A swamp worm (shapeshifter) (Vaults:3)
  4 floating eyes
  7 hell hounds
  12 water moccasins
  8 swamp drakes
  A faun skeleton (Crypt:2)
  Pargi (Sewer)
  An elephant zombie (Crypt:1)
  3 ice beasts
  A sky beast (D:8)
  4 ettin simulacra
  42 orc warriors
  7 black bears
  An ice dragon simulacrum (Coc:1)
  5 ogres
  2 snapping turtle skeletons (Abyss:3)
  A blink frog zombie (Crypt:1)
  5 boggarts
  34 wolves
  A tengu (shapeshifter) (Vaults:5)
  10 centaurs
  A lindwurm skeleton (Crypt:2)
  A phantom (D:5)
  11 bullfrogs
  13 kobold brigands
  7 necrophages
  2 human skeletons (Vaults:1)
  2 salamander skeletons
  3 earth elementals
  6 scorpions
  7 wights
  22 small abominations
  25 killer bees
  A yak skeleton (Crypt:2)
  4 electric eels
  8 howler monkeys
  4 crimson imps (Pan)
  A wolf skeleton (Crypt:2)
  4 quasits
  13 orc priests
  3 gnoll boudas
  6 hounds
  4 jellies
  A bullfrog skeleton (Crypt:1)
  2 iron imps
  A sleepcap (D:5)
  32 starcursed masses
  4 iguanas
  16 orc wizards
  58 mummies
  14 gnolls
  5 adders
  2 shadow imps
  2 white imps
  3 ufetubi
  5 dart slugs
  57 orcs
  4 bats
  7 endoplasms
  6 giant cockroaches
  10 goblins
  9 hobgoblins
  4 jackals
  3 quokkas
  8 ball pythons
  A ball python skeleton (Crypt:1)
  5 frilled lizards
  A gnoll skeleton (Crypt:1)
  28 kobolds
  8 rats
  3 ball lightnings (Pan)
  2 creeping infernos
  9 fire vortices
  3 spectral weapons
  11 starspawn tentacles
4364 creatures vanquished.

Vanquished Creatures (collateral kills)
  Gloorx Vloq (Pan)
  Ereshkigal (Tar:7)
  Dispater (Dis:7)
  A pandemonium lord (Zot:5)
  A royal mummy (Zig:8)
  A caustic shrike (Dis:6)
  A bone dragon (Tar:7)
  2 Tzitzimimeh (Tar:7)
  A Brimstone Fiend (Geh:7)
  An Ice Fiend (Coc:7)
  A hellephant (Geh:7)
  A lich (Pan)
  3 Hell Sentinels
  An Executioner (Pan)
  An ancient champion (Tomb:3)
  Roxanne (Elf:3)
  A fire giant (Geh:3)
  2 vault wardens (Vaults:5)
  4 balrugs
  A quicksilver elemental (Dis:7)
  A draconian scorcher (Zig:9)
  A draconian shifter (Zig:9)
  4 cacodemons (Pan)
  A very ugly thing (Pan)
  A draconian annihilator (Zig:9)
  A stone giant (Vaults:5)
  A deep elf demonologist (Vaults:5)
  A black draconian (Zot:1)
  2 bennus (Tomb:3)
  An iron golem (Dis:6)
  A blizzard demon (Pan)
  An ettin (Zig:10)
  A green death (Pan)
  2 mummy priests
  2 demonic crawlers (Pan)
  A crystal echidna (Dis:7)
  A skeletal warrior (Tomb:3)
  A hell knight (Vaults:5)
  2 large abominations (Pan)
  3 sixfirhies (Pan)
  A wizard (Pan)
  A deep elf pyromancer (Elf:3)
  An ugly thing (Pan)
  A cyclops (Zig:10)
  4 orange demons
  A hellion (Geh:4)
  A tormentor (Pan)
  4 merfolk
  A tyrant leech (shapeshifter) (Vaults:5)
  A harpy skeleton (Pan)
  A flying skull (Tomb:3)
  A ynoxinul (Pan)
  5 ushabtiu (Tomb:3)
  3 neqoxecs (Pan)
  2 chaos spawn (Pan)
  A mummy (Tomb:3)
  A kobold (D:8)
  A creeping inferno (Geh:4)
  A fire vortex (Geh:4)
88 creatures vanquished.

Vanquished Creatures (others)
  An Ice Fiend (Coc:6)
  A titan (Coc:5)
  An eldritch tentacle (Pan)
  A fire giant (Depths:2)
  2 draconian knights (Zot:4)
  A draconian shifter (Zot:1)
  3 ghost moths
  A shard shrike simulacrum (Coc:7)
  A demonspawn corrupter (Pan)
  A vampire knight (Depths:1)
  A demonspawn black sun (Pan)
  An elemental wellspring (Coc:4)
  A wendigo (Coc:4)
  A green death (Pan)
  An iron golem (Dis:1)
  A rakshasa (Pan)
  2 caustic shrike simulacra (Coc:6)
  An ice dragon (IceCv)
  3 juggernaut simulacra
  A boulder beetle (D:13)
  A vampire mage (WizLab)
  3 quicksilver dragon simulacra
  2 spriggan simulacra (Coc:5)
  A swamp dragon (Swamp:4)
  A deep elf archer (Vaults:3)
  A deep elf pyromancer (Vaults:3)
  A will-o-the-wisp (Zig:3)
  A moth of wrath (Zot:1)
  2 titan simulacra
  A molten gargoyle (Geh:7)
  2 orange demons (Pan)
  A tormentor (Coc:4)
  A bunyip simulacrum (Coc:2)
  A guardian mummy (Tomb:2)
  2 bloated husks
  2 iron giant simulacra (Coc:6)
  An anaconda simulacrum (Coc:7)
  A polar bear (IceCv)
  A hornet (Swamp:4)
  An iron dragon simulacrum (Coc:5)
  3 dire elephant simulacra
  2 spriggans (Swamp:4)
  A naga simulacrum (Coc:2)
  A hydra simulacrum (Coc:5)
  3 harpy simulacra
  2 ettin simulacra
  A fire dragon simulacrum (Coc:2)
  A boggart (Depths:4)
  A starcursed mass (Abyss:3)
  2 orc wizards
  2 mummies (Tomb:2)
  2 orcs
  29 ball lightnings (Pan)
  2 creeping infernos (Geh:7)
  24 foxfires
  A spectral weapon (Zig:3)
  11 starspawn tentacles
141 creatures vanquished.

Grand Total: 4593 creatures vanquished

Table legend:
 A = Non-vault XP
 B = Vault XP
 C = Vault XP percentage of total XP
 D = Non-vault monster count
 E = Vault monster count
 F = Vault count percentage of total count
                 A         B        C        D         E       F
            +---------+---------+-------+---------+---------+-------
      Total | 1666117 | 1624217 |  49.4 |    2539 |    1749 |  40.8
            +---------+---------+-------+---------+---------+-------
        D:1 |      46 |       4 |   8.0 |      23 |       2 |   8.0
        D:2 |      48 |       0 |   0.0 |      23 |       0 |   0.0
        D:3 |     333 |     318 |  48.8 |      29 |       5 |  14.7
        D:4 |     659 |     199 |  23.2 |      21 |       2 |   8.7
        D:5 |     656 |     365 |  35.7 |      16 |       1 |   5.9
        D:6 |     654 |     840 |  56.2 |      10 |       3 |  23.1
        D:7 |    1508 |       0 |   0.0 |      26 |       0 |   0.0
        D:8 |    1827 |    2419 |  57.0 |      23 |       9 |  28.1
        D:9 |    3675 |    3267 |  47.1 |      34 |       7 |  17.1
       D:10 |    3162 |    1126 |  26.3 |      20 |       2 |   9.1
       D:11 |    5547 |    3345 |  37.6 |      31 |      23 |  42.6
       D:12 |    5718 |     787 |  12.1 |      16 |       1 |   5.9
       D:13 |    7265 |   13959 |  65.8 |      20 |      29 |  59.2
       D:14 |    8657 |    6757 |  43.8 |      18 |      12 |  40.0
       D:15 |    9313 |    8813 |  48.6 |      16 |      20 |  55.6
     Lair:1 |    3479 |     630 |  15.3 |      16 |       1 |   5.9
     Lair:2 |    7533 |       0 |   0.0 |      15 |       0 |   0.0
     Lair:3 |    6565 |    3558 |  35.1 |      20 |      11 |  35.5
     Lair:4 |   10000 |       0 |   0.0 |      22 |       0 |   0.0
     Lair:5 |   17238 |    8682 |  33.5 |      53 |      43 |  44.8
    Swamp:1 |   17886 |    1449 |   7.5 |      32 |       1 |   3.0
    Swamp:2 |    5578 |       0 |   0.0 |      12 |       0 |   0.0
    Swamp:3 |   10698 |       0 |   0.0 |      19 |       0 |   0.0
    Swamp:4 |   16554 |   17862 |  51.9 |      34 |      28 |  45.2
   Spider:1 |   16880 |    2182 |  11.4 |      47 |       5 |   9.6
   Spider:2 |   20173 |       0 |   0.0 |      60 |       0 |   0.0
   Spider:3 |   14303 |       0 |   0.0 |      44 |       0 |   0.0
   Spider:4 |   28607 |   17724 |  38.3 |      79 |      41 |  34.2
    Slime:1 |   16141 |     904 |   5.3 |      22 |       4 |  15.4
    Slime:2 |    4731 |       0 |   0.0 |      11 |       0 |   0.0
    Slime:3 |    1268 |       0 |   0.0 |       1 |       0 |   0.0
    Slime:4 |    4737 |    7649 |  61.8 |       5 |       8 |  61.5
    Slime:5 |   15380 |   27056 |  63.8 |      23 |      20 |  46.5
      Orc:1 |    3234 |    4228 |  56.7 |      22 |       4 |  15.4
      Orc:2 |    1479 |    6542 |  81.6 |      33 |      24 |  42.1
      Elf:1 |   10962 |    9524 |  46.5 |      16 |      16 |  50.0
      Elf:2 |   13798 |    2911 |  17.4 |      24 |       4 |  14.3
      Elf:3 |   24504 |   35979 |  59.5 |      37 |      31 |  45.6
   Vaults:1 |   25663 |   18791 |  42.3 |      44 |      25 |  36.2
   Vaults:2 |   39105 |   24492 |  38.5 |      54 |      27 |  33.3
   Vaults:3 |   30276 |   23668 |  43.9 |      45 |      38 |  45.8
   Vaults:4 |   15101 |   14031 |  48.2 |      24 |      22 |  47.8
   Vaults:5 |   19960 |  109546 |  84.6 |      27 |      95 |  77.9
    Crypt:1 |   30029 |   25142 |  45.6 |      45 |      20 |  30.8
    Crypt:2 |   45822 |    7636 |  14.3 |      64 |       6 |   8.6
    Crypt:3 |       0 |   69319 | 100.0 |       0 |     123 | 100.0
     Tomb:1 |    5114 |  101471 |  95.2 |      20 |      77 |  79.4
     Tomb:2 |    1921 |   36794 |  95.0 |       9 |      57 |  86.4
     Tomb:3 |    8055 |   62507 |  88.6 |      24 |      59 |  71.1
   Depths:1 |   15586 |   12637 |  44.8 |      19 |      15 |  44.1
   Depths:2 |   23900 |   53766 |  69.2 |      29 |      55 |  65.5
   Depths:3 |   26234 |   30302 |  53.6 |      31 |      37 |  54.4
   Depths:4 |   28882 |   37812 |  56.7 |      28 |      33 |  54.1
       Hell |   13277 |   24402 |  64.8 |      17 |      32 |  65.3
      Dis:1 |    9575 |   26015 |  73.1 |       9 |      22 |  71.0
      Dis:2 |   28145 |       0 |   0.0 |      16 |       0 |   0.0
      Dis:3 |   13033 |       0 |   0.0 |       7 |       0 |   0.0
      Dis:4 |   33003 |       0 |   0.0 |      18 |       0 |   0.0
      Dis:6 |   41181 |     781 |   1.9 |      22 |       1 |   4.3
      Dis:7 |   22919 |  105363 |  82.1 |      11 |      72 |  86.7
      Geh:1 |   10505 |    2237 |  17.6 |      10 |       1 |   9.1
      Geh:3 |   17177 |       0 |   0.0 |      13 |       0 |   0.0
      Geh:4 |    9405 |    7791 |  45.3 |       7 |       4 |  36.4
      Geh:5 |   19210 |       0 |   0.0 |      14 |       0 |   0.0
      Geh:6 |    9869 |       0 |   0.0 |       9 |       0 |   0.0
      Geh:7 |   16546 |   49730 |  75.0 |      10 |      43 |  81.1
      Coc:1 |    1613 |       0 |   0.0 |       4 |       0 |   0.0
      Coc:2 |   14593 |       0 |   0.0 |      23 |       0 |   0.0
      Coc:3 |    9286 |       0 |   0.0 |      12 |       0 |   0.0
      Coc:4 |   25936 |       0 |   0.0 |      28 |       0 |   0.0
      Coc:5 |   27542 |       0 |   0.0 |      30 |       0 |   0.0
      Coc:6 |   16973 |       0 |   0.0 |      21 |       0 |   0.0
      Coc:7 |   28027 |   91723 |  76.6 |      32 |      51 |  61.4
      Tar:1 |    8529 |       0 |   0.0 |      12 |       0 |   0.0
      Tar:2 |       0 |   49855 | 100.0 |       0 |      31 | 100.0
      Tar:3 |   14585 |       0 |   0.0 |      14 |       0 |   0.0
      Tar:4 |   13513 |       0 |   0.0 |      13 |       0 |   0.0
      Tar:5 |   12086 |       0 |   0.0 |       8 |       0 |   0.0
      Tar:6 |   14616 |     861 |   5.6 |       9 |       1 |  10.0
      Tar:7 |   29098 |   40251 |  58.0 |      15 |      25 |  62.5
      Zot:1 |   58537 |   17747 |  23.3 |      51 |      14 |  21.5
      Zot:2 |   26798 |       0 |   0.0 |      19 |       0 |   0.0
      Zot:3 |   25834 |    8848 |  25.5 |      20 |       6 |  23.1
      Zot:4 |   51659 |   21143 |  29.0 |      47 |      11 |  19.0
      Zot:5 |   31159 |   93015 |  74.9 |      28 |      42 |  60.0
    Abyss:1 |      28 |       0 |   0.0 |       1 |       0 |   0.0
    Abyss:3 |   29876 |   17292 |  36.7 |      69 |      29 |  29.6
    Abyss:4 |   31340 |       0 |   0.0 |      69 |       0 |   0.0
        Pan |  241821 |  185095 |  43.4 |     329 |     198 |  37.6
      Zig:1 |     981 |       0 |   0.0 |       3 |       0 |   0.0
      Zig:2 |    3183 |       0 |   0.0 |       2 |       0 |   0.0
      Zig:3 |    2409 |       0 |   0.0 |       4 |       0 |   0.0
      Zig:4 |    4691 |       0 |   0.0 |       5 |       0 |   0.0
      Zig:5 |    4717 |       0 |   0.0 |       5 |       0 |   0.0
      Zig:6 |    8968 |       0 |   0.0 |      17 |       0 |   0.0
      Zig:7 |    9133 |       0 |   0.0 |       8 |       0 |   0.0
      Zig:8 |    9266 |       0 |   0.0 |      18 |       0 |   0.0
      Zig:9 |   11997 |       0 |   0.0 |      11 |       0 |   0.0
     Zig:10 |   17034 |       0 |   0.0 |      13 |       0 |   0.0
      Sewer |       0 |     140 | 100.0 |       0 |       3 | 100.0
     Bailey |       0 |    1829 | 100.0 |       0 |      20 | 100.0
      IceCv |       0 |   24747 | 100.0 |       0 |      41 | 100.0
    Volcano |       0 |    4553 | 100.0 |       0 |      12 | 100.0
     WizLab |       0 |   33806 | 100.0 |       0 |      44 | 100.0
            +---------+---------+-------+---------+---------+-------

Skill      XL: |  1  2  3  4  5  6  7  8  9 10 11 12 13 14 15 16 17 18 19 20 21 22 23 24 25 26 27 |
---------------+----------------------------------------------------------------------------------+-----
Axes           | 2 3 5 7 8 11 13 14 15 18 21 24 27 | 27.0
Fighting       | 8 10 14 16 18 21 22 27 | 27.0
Armour         | 6 7 10 14 16 20 | 20.0
Shields        | 6 11 14 17 18 27 | 27.0
Invocations    | 4 14 16 20 | 20.0
Dodging        | 4 8 23 | 23.7
Shapeshifting  | 10 11 13 17 20 23 | 23.0
Evocations     | 7 10 | 10.0
Throwing       | 20 | 20.0

Action                     |  1- 3 |  4- 6 |  7- 9 | 10-12 | 13-15 | 16-18 | 19-21 | 22-24 | 25-27 || total
---------------------------+-------+-------+-------+-------+-------+-------+-------+-------+-------++-------
  Melee: War axe           |   107 |    92 |   131 |       |       |       |       |       |       ||   330
         Hand axe          |       |       |   186 |   514 |   462 |       |       |       |       ||  1162
         Broad axe         |       |       |       |       |   931 |  1527 |  1800 |  1456 |  5089 || 10803
         Unarmed           |       |       |       |       |     1 |       |       |       |       ||     1
         Headbutt          |       |       |       |       |       |       |       |    33 |  1595 ||  1628
  Throw: Javelin           |       |       |       |       |       |       |       |       |    35 ||    35
 Invoke: Receive Weapon    |       |       |       |       |     1 |       |       |       |       ||     1
         Receive Armour    |       |       |       |       |     1 |       |       |       |       ||     1
         Heroism           |       |       |       |       |       |     8 |       |       |       ||     8
         Finesse           |       |       |       |       |       |     6 |       |       |       ||     6
         Greater Servant o |       |       |       |       |       |       |     3 |    13 |    54 ||    70
         Lesser Servant of |       |       |       |       |       |       |       |     2 |       ||     2
Ability: Hurl Damnation    |       |       |       |       |       |       |       |       |     5 ||     5
  Evoke: Wand              |       |    10 |     8 |     2 |     5 |     4 |     2 |     1 |       ||    32
         Lightning rod     |       |       |       |       |       |       |       |     4 |       ||     4
         Phantom mirror    |       |       |       |       |       |       |       |       |     3 ||     3
    Use: Potion            |       |     1 |     1 |     1 |     1 |     2 |     5 |    12 |     4 ||    27
         Scroll            |       |       |     7 |     8 |    17 |     4 |     7 |    11 |    28 ||    82
   Stab: Paralysed         |       |       |     7 |       |     3 |       |       |       |       ||    10
         Distracted        |       |       |       |     3 |     3 |     2 |     4 |     6 |    23 ||    41
         Petrified         |       |       |       |       |    10 |       |       |       |     7 ||    17
         Petrifying        |       |       |       |       |     1 |       |       |       |       ||     1
         Confused          |       |       |       |       |       |     1 |       |       |     1 ||     2
 Armour: Scale mail        |    74 |   101 |   106 |       |       |       |       |       |       ||   281
         Acid dragon scale |       |       |    86 |    22 |       |       |       |       |       ||   108
         Ring mail         |       |       |       |   245 |   152 |       |       |       |       ||   397
         Crystal plate arm |       |       |       |       |   417 |   986 |   818 |   207 |       ||  2428
         Skin              |       |       |       |       |     1 |       |       |       |       ||     1
         Gold dragon scale |       |       |       |       |       |       |       |   691 |  2317 ||  3008
  Dodge: Dodged            |    51 |    75 |    77 |   128 |    41 |    73 |   140 |   141 |  1212 ||  1938
  Block: Buckler           |    28 |    23 |    69 |    74 |       |       |       |       |       ||   194
         Kite shield       |       |       |       |    94 |  1559 |  1829 |  1903 |  1918 |  1821 ||  9124
         Reflection        |       |       |       |       |       |       |       |    48 |   196 ||   244
         Tower shield      |       |       |       |       |       |       |       |       |  5323 ||  5323
   Form: Death             |       |       |       |       |       |       |       |     1 |     2 ||     3
                           |       |       |       |       |       |       |       |     1 |     1 ||     2

Illustrated notes

Table legend:
 A = Kills in this place as a percentage of kills in the entire game.
 B = Kills by you in this place as a percentage of kills by you in the entire game.
 C = Kills by friends in this place as a percentage of kills by friends in the entire game.
 D = Other kills in this place as a percentage of other kills in the entire game.
 E = Experience gained in this place as a percentage of experience gained in the entire game.
 F = Experience gained in this place divided by the number of levels of this place that you have seen.
                   A       B       C       D       E      F
               +-------+-------+-------+-------+-------+----------------------
         Total | 100.0 | 100.0 | 100.0 | 100.0 | 100.0 | 25114.0
       Dungeon |  10.4 |  10.6 |   2.4 |   2.9 |   3.0 | 6539.5
          Lair |   4.2 |   4.3 |   0.0 |   0.0 |   1.7 | 11537.0
         Swamp |   2.9 |   3.0 |   0.0 |   2.9 |   2.1 | 17506.8
   Spider Nest |   6.4 |   6.6 |   0.0 |   0.0 |   3.0 | 24967.2
    Slime Pits |   2.2 |   2.2 |   0.0 |   0.0 |   2.3 | 15573.2
  Orcish Mines |   1.9 |   2.0 |   0.0 |   0.0 |   0.5 | 7741.5
   Elven Halls |   3.0 |   3.0 |   2.4 |   0.0 |   2.9 | 32559.3
        Vaults |   9.3 |   9.4 |   7.1 |   0.0 |   9.7 | 64126.6
         Crypt |   6.0 |   6.2 |   0.0 |   0.0 |   5.4 | 59316.0
          Tomb |   5.7 |   5.6 |  14.1 |   2.9 |   6.5 | 71954.0
        Depths |   6.0 |   6.1 |   0.0 |   8.8 |   7.2 | 59701.5
          Hell |   1.1 |   1.2 |   0.0 |   0.0 |   1.1 | 37679.0
           Dis |   4.1 |   4.1 |   8.2 |   2.9 |   8.4 | 40002.1
       Gehenna |   2.6 |   2.5 |   8.2 |   2.9 |   4.3 | 20352.9
       Cocytus |   4.7 |   4.5 |   1.2 |  35.3 |   6.5 | 30813.3
      Tartarus |   3.0 |   3.0 |   4.7 |   0.0 |   5.5 | 26199.1
           Zot |   5.6 |   5.7 |   2.4 |  11.8 |  10.3 | 68589.6
         Abyss |   3.9 |   4.0 |   0.0 |   0.0 |   2.4 | 11219.4
   Pandemonium |  12.2 |  11.7 |  37.6 |  17.6 |  12.9 | 19405.3
      Ziggurat |   2.0 |   1.8 |  11.8 |   2.9 |   2.2 | 7237.9
         Sewer |   0.1 |   0.1 |   0.0 |   0.0 |   0.0 | 140.0
        Bailey |   0.5 |   0.5 |   0.0 |   0.0 |   0.1 | 1829.0
      Ice Cave |   1.0 |   0.9 |   0.0 |   5.9 |   0.7 | 24747.0
       Volcano |   0.3 |   0.3 |   0.0 |   0.0 |   0.1 | 4553.0
        Wizlab |   1.0 |   1.0 |   0.0 |   2.9 |   1.0 | 33806.0
               +-------+-------+-------+-------+-------+----------------------

Table legend: (Time is in decaauts)
 A = Elapsed time spent in this place.
 B = Non-inter-level travel time spent in this place.
 C = Inter-level travel time spent in this place.
 D = Time resting spent in this place.
 E = Time spent auto-exploring this place.
 F = Levels seen in this place.
 G = Mean time per level.
                   A        B        C        D        E       F      G
               +--------+--------+--------+--------+--------+-----+--------+
         Total |  76483 |  65642 |  10841 |   6162 |  37363 | 132 |  579.4 |
       Dungeon |  17176 |  12804 |   4372 |    361 |   9670 |  15 | 1145.1 |
        Temple |      1 |      1 |      0 |      0 |      0 |   1 |    1.0 |
          Lair |   5221 |   4658 |    563 |    288 |   3198 |   5 | 1044.2 |
         Swamp |   2302 |   2128 |    174 |     68 |   1610 |   4 |  575.5 |
   Spider Nest |   3088 |   2813 |    275 |     50 |   1880 |   4 |  772.0 |
    Slime Pits |    955 |    874 |     81 |      7 |    210 |   5 |  191.0 |
  Orcish Mines |   1468 |   1089 |    379 |     17 |    787 |   2 |  734.0 |
   Elven Halls |   3352 |   3123 |    229 |    168 |   1952 |   3 | 1117.3 |
        Vaults |   7058 |   5892 |   1166 |    234 |   4042 |   5 | 1411.6 |
         Crypt |   2959 |   2585 |    374 |      0 |   1739 |   3 |  986.3 |
          Tomb |   3184 |   2766 |    418 |    402 |   1217 |   3 | 1061.3 |
        Depths |   7597 |   5653 |   1944 |   1533 |   2735 |   4 | 1899.2 |
          Hell |    451 |    395 |     56 |     87 |     12 |   1 |  451.0 |
           Dis |   2829 |   2680 |    149 |   1247 |    296 |   7 |  404.1 |
       Gehenna |   2221 |   2102 |    119 |    296 |    875 |   7 |  317.3 |
       Cocytus |   1412 |   1412 |      0 |    218 |    391 |   7 |  201.7 |
      Tartarus |   1075 |    965 |    110 |      5 |    358 |   7 |  153.6 |
           Zot |   4764 |   4338 |    426 |    217 |   2925 |   5 |  952.8 |
         Abyss |   1019 |   1019 |      0 |      0 |    291 |   7 |  145.6 |
   Pandemonium |   5787 |   5787 |      0 |    489 |   2440 |  22 |  263.0 |
      Ziggurat |    745 |    745 |      0 |    282 |     30 |  10 |   74.5 |
         Sewer |    171 |    171 |      0 |      0 |    116 |   1 |  171.0 |
        Bailey |    224 |    224 |      0 |     35 |     47 |   1 |  224.0 |
      Ice Cave |    548 |    548 |      0 |      5 |    269 |   1 |  548.0 |
       Volcano |    275 |    275 |      0 |     10 |     79 |   1 |  275.0 |
        Wizlab |    589 |    589 |      0 |    141 |    191 |   1 |  589.0 |
               +--------+--------+--------+--------+--------+-----+--------+

Top non-repeatable levels by time:
Depths:2: 2563 daAuts
Depths:4: 1986 daAuts
    D:13: 1913 daAuts
Vaults:2: 1892 daAuts
   Dis:7: 1818 daAuts
    D:15: 1724 daAuts
   Geh:7: 1633 daAuts
  Tomb:1: 1630 daAuts
Depths:1: 1624 daAuts
Vaults:3: 1614 daAuts
    D:14: 1519 daAuts
     D:9: 1469 daAuts
   Zot:1: 1468 daAuts
Vaults:5: 1431 daAuts
Depths:3: 1423 daAuts
